Workbook
Name \A: #REF!
Name \A: #REF!
Name \B: #REF!
Name \B: #REF!
Name \B: #REF!
Name \B: #REF!
Name \B: #REF!
Name \C: #REF!
Name \C: #REF!
Name \C: #REF!
Name \C: #REF!
Name \C: #REF!
Name \D: #REF!
Name \D: #REF!
Name \E: #REF!
Name \E: #REF!
Name \F: #REF!
Name \F: #REF!
Name \G: #REF!
Name \G: #REF!
Name \H: #REF!
Name \H: #REF!
Name \I: #REF!
Name \I: #REF!
Name \J: #REF!
Name \J: #REF!
Name \K: #REF!
Name \K: #REF!
Name \L: #REF!
Name \L: #REF!
Name \M: #REF!
Name \M: #REF!
Name \N: #REF!
Name \N: #REF!
Name \O: #REF!
Name \O: #REF!
Name \P: #REF!
Name \P: #REF!
Name \Q: #REF!
Name \Q: #REF!
Name \R: #REF!
Name \R: #REF!
Name \S: #REF!
Name \S: #REF!
Name \T: #REF!
Name \T: #REF!
Name \U: #REF!
Name \U: #REF!
Name \V: #REF!
Name \V: #REF!
Name \W: #REF!
Name \W: #REF!
Name \X: #REF!
Name \X: #REF!
Name \Y: #REF!
Name \Y: #REF!
Name \Z: #REF!
Name \Z: #REF!
Name _____BOP2: #REF!
Name _____BOP2: #REF!

Sheet Obsah | Contents
B2: Obsah – Návrh rozpočtového plánu SR na rok 2027 | D2: Content of Draft Budgetary Plan of SR for 2027
B4: Materiál | D4: Document
B6: Zhrnutie | D6: Summary
B7: GRAF 1 – HDP (mil. s.c., tempá rastu vyznačené v grafe) | D7: FIGURE 1 – GDP (mil. constant prices, growth rates in the chart)
B8: GRAF 2 – Čerpanie EÚ zdrojov (% HDP) | D8: FIGURE 2 – Abosrption of EU and RRF funds (% GDP)
B9: GRAF 3 – Verejné mzdy porastú pre konsolidáciu pomalšie než súkromné (%) | D9: FIGURE 3 – Public wages will frow slowly than private wages due to consolidation (%)
B10: GRAF 4 – Príspevky zložiek k inflácii (p. b.) | D10: FIGURE 4 – Contributions of components to inflation (p. p.)
B11: GRAF 5 – Vývoj objednávok v priemysle (ESI index, body) | D11: FIGURE 5 – Development of Industrial Orders (ESI Index, points)
B12: GRAF 6 – Index nákupných manažérov v eurozóne (hodnoty nad 50 = expanzia) | D12: FIGURE 6 – Purchasing Managers´ Index (readings above 50 = expansion)
B13: GRAF 7 – Vážený index zahraničného dopytu (level) | D13: FIGURE 7 – Weighted index of external demand (level)
B14: GRAF 8 – Medziročná zmena váž. ind. zahr. dopytu (%) | D14: FIGURE 8 – Annual growth of weigh. ext. demand ind. (%)
B15: GRAF 9 – Vývoj produkčnej medzery (% pot. HDP) – porovnanie MF SR, NBS, EK | D15: FIGURE 9 – Output gap (% pot. GDP) – comparing MoF SR, NBS, EC
... B37: TABUĽKA 12 – Výdavkové diskrečné opatrenia – medziročné vplyvy opatrení (mil. eur, ESA2010) | D37: TABLE 12 – Discretionary expenditure measure - incremental impact (in EUR millions, ESA2010)

Sheet Zhrnutie | Summary
C3: Deficit verejnej správy v % HDP | D3: General Government headline deficit in % of GDP | M3: Hrubý dlh verejnej správy v % HDP | N3: General Government gross debt in % of GDP
E4: 2025 | F4: 2026 | G4: 2027 | H4: 2028 | I4: 2029 | O4: 2025 | P4: 2026 | Q4: 2027 | R4: 2028 | S4: 2029
C5: Ciele rozpočtu verejnej správy | D5: Budgetary target | E5: 4.45 | F5: 4.37 | G5: 4.94 | H5: 4.5 | I5: 4 | M5: Ciele rozpočtu verejnej správy | N5: Budgetary target | O5: 61.392438 | P5: 63.412486 | Q5: 66.268265 | R5: 68.356781 | S5: 69.615834
C6: Návrh rozpočtu verejnej správy (bez ďalších opatrení) | D6: Draft budget (w/o further measures) | G6: =G5 -> 4.94 | H6: 5.26 | I6: 5.41 | M6: Návrh rozpočtu verejnej správy (bez ďalších opatrení) | N6: Draft budget (w/o further measures) | Q6: 66.268265 | R6: 69.165785 | S6: 71.825252
I7: Zdroj: MF SR | S7: Zdroj: MF SR
I8: Source: MoF SR | S8: Source: MoF SR
M25: Pozn.: Roky 2026 zodpovedajú skutočnosti a očakávanej skutočnosti.
M26: Note: The years 2026 correspond to the outturn and the expected outturn, respectively.

Sheet ESA 2010
C3: Saldo VS (ESA 2010, v mil. eur)
F4: 2008 | G4: 2009 | H4: 2010 | I4: 2011 | J4: 2012 | K4: 2013 | L4: 2014 | M4: 2015 | N4: 2016 | O4: 2017 | P4: 2018 | Q4: 2019 | R4: 2020 | S4: 2021 | T4: 2022 | U4: 2023 | V4: 2024 | W4: 2025 | X4: 2026 | Y4: 2027 | Z4: 2028 | AA4: 2029
E5: Zdroj / Source ESA 2010 | F5: Skutočnosť | G5: Skutočnosť | H5: Skutočnosť | I5: Skutočnosť | J5: Skutočnosť | K5: Skutočnosť | L5: Skutočnosť | M5: Skutočnosť | N5: Skutočnosť | O5: Skutočnosť | P5: Skutočnosť | Q5: Skutočnosť | R5: Skutočnosť | S5: Skutočnosť | T5: Skutočnosť | U5: Skutočnosť | V5: Skutočnosť | W5: Skutočnosť | X5: OS | Y5: NRVS | Z5: NRVS | AA5: NRVS
F6: Reality | G6: Reality | H6: Reality | I6: Reality | J6: Reality | K6: Reality | L6: Reality | M6: Reality | N6: Reality | O6: Reality | P6: Reality | Q6: Reality | R6: Reality | S6: Reality | T6: Reality | U6: Reality | V6: Reality | W6: Reality | X6: Expectation | Y6: Budget | Z6: Budget | AA6: Budget
C7: Príjmy spolu | D7: Total revenue | E7: T0200 | F7: =F9+F29+F34+F41 -> 23270.807 | G7: =G9+G29+G34+G41 -> 22452.175 | H7: =H9+H29+H34+H41 -> 23094.536 | I7: =I9+I29+I34+I41 -> 26093.773 | J7: =J9+J29+J34+J41 -> 26301.523 | K7: =K9+K29+K34+K41 -> 28542.733 | L7: =L9+L29+L34+L41 -> 29651.034 | M7: =M9+M29+M34+M41 -> 33231.088 | ... AA7: =AA9+AA29+AA34+AA41 -> 67170.351
C8: v % HDP | D8: - in % of GDP | F8: =F7/F94 -> 0.33943912 | G8: =G7/G94 -> 0.35051324 | H8: =H7/H94 -> 0.3360343 | I8: =I7/I94 -> 0.36428791 | J8: =J7/J94 -> 0.35673914 | K8: =K7/K94 -> 0.38239163 | L8: =L7/L94 -> 0.38727982 | M8: =M7/M94 -> 0.41344383 | ... AA8: =AA7/AA94 -> 0.40980868
C9: Daňové príjmy | D9: Tax revenue | E9: suma (D2+D5+D91) | F9: 11723.382 | G9: 10404.833 | H9: 10778.206 | I9: 11946.441 | J9: 11933.775 | K9: 12971.955 | L9: 13858.66 | M9: 14926.822 | N9: 15121.523 | O9: 16152.268 | P9: 17122.987 | Q9: 18205.298 | R9: 17935.094 | S9: 19884.138 | T9: 22386.986 | U9: 24589.143 | V9: 25815.799 | W9: 27622.568 | X9: 29650.009 | Y9: 30455.997 | Z9: 31530.989 | AA9: 32512.424
C10: Dane z produkcie a dovozu | D10: Taxes on production and imports | E10: T0200 (D2) | F10: 7186.097 | G10: 6734.87 | H10: 7037.841 | I10: 7967.282 | J10: 7788.019 | K10: 8348.416 | L10: 8745.382 | M10: 9229.592 | N10: 9282.598 | O10: 10030.48 | P10: 10593.75 | Q10: 11382.764 | R10: 11252.796 | S10: 12056.528 | T10: 13220.902 | U10: 14854.634 | V10: 15147.175 | W10: 16466.534 | X10: 17771.331 | Y10: 18118.853 | Z10: 18735.769 | AA10: 19273.72
C11: - Daň z pridanej hodnoty (spolu so zdrojmi EÚ) | D11: VAT | E11: T0900 (D211) | F11: 4621.424 | G11: 4221.288 | H11: 4182.101 | I11: 4710.914 | J11: 4327.702 | K11: 4696.12 | L11: 5021.131 | M11: 5422.535 | N11: 5423.632 | O11: 5918.744 | P11: 6319.301 | Q11: 6830.155 | R11: 6820.217 | S11: 7494.069 | T11: 8555.714 | U11: 9732.96 | V11: 9914.696 | W11: 10710.946 | X11: 11666.994 | Y11: 11982.979 | Z11: 12428.453 | AA11: 12859.292
C12: - Spotrebné dane | D12: Excise duties and consumption taxes | E12: T0900 (D2122C+D214A) | F12: 1809.268 | G12: 1761.719 | H12: 2081.292 | I12: 2357.514 | J12: 2352.67 | K12: 2462.074 | L12: 2468.101 | M12: 2567.253 | N12: 2574.003 | O12: 2740.516 | P12: 2809.959 | Q12: 2839.178 | R12: 2752.268 | S12: 2958.344 | T12: 2797.344 | U12: 3020.848 | V12: 2883.848 | W12: 2997.195 | X12: 3087.997 | Y12: 3129.514 | Z12: 3213.548 | AA12: 3265.367
C13: Daň z nehnuteľnosti a iné | D13: Taxes on land, buildings and other structures | E13: D.29A | F13: 225.492 | G13: 242.704 | H13: 252.34 | I13: 261.203 | J13: 288.71 | K13: 298.879 | L13: 301.948 | M13: 306.357 | N13: 318.062 | O13: 329.625 | P13: 337.928 | Q13: 342.894 | R13: 402.211 | S13: 428.351 | T13: 431.799 | U13: 469.705 | V13: 586.805 | W13: 610.684 | X13: 629.376 | Y13: 635.988 | Z13: 641.925 | AA13: 652.559
C14: Osobitný odvod vybraných fin. inštitúcii | D14: Special levy on selected financial institutions | E14: EKRK 192 | F14: 0 | G14: 0 | H14: 0 | I14: 0 | J14: 169.922 | K14: 203.972 | L14: 153.184 | M14: 110.289 | N14: 119.772 | O14: 127.284 | P14: 134.177 | Q14: 143.412 | R14: 148.95 | S14: 0 | T14: 0 | U14: 0 | V14: 0 | W14: 0 | X14: 0 | Y14: 0 | Z14: 0 | AA14: 0
C15: Odvod z hazardných hier | D15: Taxes on lotteries, gambling and betting | E15: EKRK 292008 T0900 D.214F | F15: 115.846 | G15: 122.228 | H15: 132.16 | I15: 115.165 | J15: 131.471 | K15: 148.868 | L15: 162.551 | M15: 187.515 | N15: 204.79 | O15: 226.606 | P15: 245.362 | Q15: 273.918 | R15: 231.196 | S15: 233.004 | T15: 263.974 | U15: 312.294 | V15: 360.146 | W15: 380.55 | X15: 456.895 | Y15: 483.465 | Z15: 508.77 | AA15: 530.955
C16: Daň z motorových vozidiel | D16: Motor vehicle tax | E16: EKRK 134002 ŠR T9 D.29B | F16: 128.593 | G16: 117.925 | H16: 122.042 | I16: 134.515 | J16: 132.433 | K16: 147.363 | L16: 151.504 | M16: 142.086 | N16: 145.183 | O16: 149.899 | P16: 154.891 | Q16: 153.655 | R16: 130.159 | S16: 129.534 | T16: 133.684 | U16: 136.635 | V16: 140.289 | W16: 137.467 | X16: 133.085 | Y16: 135.672 | Z16: 137.955 | AA16: 141.003
C17: Emisné kvóty - príjem z predaja | D17: Emission permits | E17: EKRK 229006 NTL | F17: 0 | G17: 0 | H17: 0 | I17: 0 | J17: 7.198 | K17: 7.554 | L17: 53.649 | M17: 48.28 | N17: 64.725 | O17: 57.424 | P17: 86.977 | Q17: 229.693 | R17: 244.184 | S17: 241.826 | T17: 425.119 | U17: 559.145 | V17: 606.384 | W17: 540.925 | X17: 527.385 | Y17: 442.757 | Z17: 476.569 | AA17: 460.08
C18: Ostatné | D18: Others | E18: reziduál D.2 | F18: 285.474 | G18: 269.006 | H18: 267.906 | I18: 387.971 | J18: 377.913 | K18: 383.586 | L18: 433.314 | M18: 445.277 | N18: 432.431 | O18: 480.382 | P18: 505.155 | Q18: 569.859 | R18: 523.611 | S18: 571.4 | T18: 613.268 | U18: 623.047 | V18: 655.007 | W18: 1088.767 | X18: 1269.599 | Y18: 1308.478 | Z18: 1328.549 | AA18: 1364.464
C19: Bežné dane z dôchodkov, majetku | D19: Current taxes on income, wealth etc. | E19: T0200 (D5) | F19: 4537.185 | G19: 3669.918 | H19: 3740.345 | I19: 3979.146 | J19: 4145.744 | K19: 4623.532 | L19: 5113.274 | M19: 5697.236 | N19: 5838.921 | O19: 6121.788 | P19: 6529.237 | Q19: 6822.534 | R19: 6682.298 | S19: 7827.61 | T19: 9166.084 | U19: 9734.509 | V19: 10668.624 | W19: 11156.034 | X19: 11878.678 | Y19: 12337.144 | Z19: 12795.22 | AA19: 13238.704
C20: - Daň z príjmov fyzických osôb | D20: PIT | E20: T0900 (D51A) | F20: 2095.178 | G20: 1793.693 | H20: 1789.565 | I20: 1999.882 | J20: 2122.776 | K20: 2175.025 | L20: 2275.117 | M20: 2463.642 | N20: 2679.466 | O20: 2855.23 | P20: 3217.997 | Q20: 3533.735 | R20: 3499.962 | S20: 3759.707 | T20: 4163.867 | U20: 4685.372 | V20: 4858.295 | W20: 5170.922 | X20: 5682.953 | Y20: 5924.815 | Z20: 6194.553 | AA20: 6436.654
... C45: Kapitálové transfery | D45: Capital Transfers | E45: T0200 (D9-D91) | F45: 162.26 | G45: 630.53 | H45: 750.216 | I45: 1068.421 | J45: 881.812 | K45: 1094.005 | L45: 973.752 | M45: 1922.265 | N45: 531.48 | O45: 342.44 | P45: 789.528 | Q45: 766.796 | R45: 640.558 | S45: 786.807 | T45: 1107.298 | U45: 2554.089 | V45: 899.583 | W45: 1991.069 | X45: 683.245 | Y45: 783.074 | Z45: 836.722 | AA45: 428.916
C46: Výdavky spolu | D46: Total expenditure | E46: T0200 | F46: =SUM(F48,F86) -> 25012.707 | G46: =SUM(G48,G86) -> 27694.794 | H46: =SUM(H48,H86) -> 28210.833 | I46: =SUM(I48,I86) -> 29213.633 | J46: =SUM(J48,J86) -> 29520.642 | K46: =SUM(K48,K86) -> 30678.464 | L46: =SUM(L48,L86) -> 32135.545 | M46: =SUM(M48,M86) -> 35467.223 | ... AA46: =SUM(AA48,AA86) -> 76030.578
C47: v % HDP | D47: - in % of GDP | F47: =F46/F94 -> 0.3648473 | G47: =G46/G94 -> 0.43235865 | H47: =H46/H94 -> 0.41047837 | I47: =I46/I94 -> 0.40784341 | J47: =J46/J94 -> 0.40040147 | K47: =K46/K94 -> 0.41100437 | L47: =L46/L94 -> 0.41973066 | M47: =M46/M94 -> 0.44126465 | ... AA47: =AA46/AA94 -> 0.46386524
C48: Bežné výdavky | D48: Current expenditure | E48: suma | F48: 22088.469 | G48: 23960.823 | H48: 25102.266 | I48: 25955.928 | J48: 26658.732 | K48: 27686.819 | L48: 28492.83 | M48: 29582.473 | N48: 30049.083 | O48: 30703.613 | P48: 32069.197 | Q48: 34600.289 | R48: 37895.26 | S48: 41993.609 | T48: 43290.606 | U48: 53054.456 | V48: 56476.918 | W48: 58264.888 | X48: 60791.568 | Y48: 64325.802 | Z48: 67278.066 | AA48: 69517.872
C49: Kompenzácie zamestnancov | D49: Compensation of employees | E49: T0200 (D1) | F49: 5284.542 | G49: 5671.463 | H49: 5992.816 | I49: 6137.166 | J49: 6278.501 | K49: 6652.254 | L49: 6923.92 | M49: 7273.761 | N49: 7696.5 | O49: 8081.536 | P49: 8524.545 | Q49: 9761.706 | R49: 10620.39 | S49: 11411.35 | T49: 11895.741 | U49: 13550.98 | V49: 14847.296 | W49: 16046.188 | X49: 16358.282 | Y49: 17118.793 | Z49: 17519.112 | AA49: 18026.105
C50: - Mzdy a platy | D50: Wages and salaries | E50: od Antolíka ŠÚ SR (D11) | F50: 3960.64 | G50: 4143.785 | H50: 4380.381 | I50: 4408.723 | J50: 4588.628 | K50: 4811.449 | L50: 4974.756 | M50: 5212.341 | N50: 5511.077 | O50: 5807.485 | P50: 6280.941 | Q50: 7060.957 | R50: 7744.814 | S50: 8152.085 | T50: 8499.986 | U50: 9744.069 | V50: 10524.509 | W50: 11494.287 | X50: 11891.455 | Y50: 12344.817 | Z50: 12616.299 | AA50: 12965.171
C51: - Sociálne príspevky zamestnávateľov | D51: Employers' social security contributions | E51: od Antolíka ŠÚ SR (D12) | F51: 1323.902 | G51: 1527.678 | H51: 1612.435 | I51: 1728.443 | J51: 1689.873 | K51: 1840.805 | L51: 1949.164 | M51: 2061.42 | N51: 2185.423 | O51: 2274.051 | P51: 2243.604 | Q51: 2700.749 | R51: 2875.576 | S51: 3259.265 | T51: 3395.755 | U51: 3806.911 | V51: 4322.787 | W51: 4551.901 | X51: 4466.827 | Y51: 4773.976 | Z51: 4902.813 | AA51: 5060.934
C52: Medzispotreba | D52: Intermediate consumption | E52: T0200 (P2) | F52: 3346.284 | G52: 3900.282 | H52: 4071.869 | I52: 4205.282 | J52: 4293.34 | K52: 4301.865 | L52: 4391.128 | M52: 4730.919 | N52: 4524.993 | O52: 4837.396 | P52: 4894.747 | Q52: 5092.42 | R52: 5154.728 | S52: 5718.57 | T52: 6599.95 | U52: 6675.677 | V52: 7422.96 | W52: 7801.83 | X52: 8865.386 | Y52: 9503.018 | Z52: 9038.498 | AA52: 9303.462
C53: Dane | D53: Taxes | E53: suma (D29+D5) | F53: 81.807 | G53: 76.711 | H53: 97.74 | I53: 105.518 | J53: 99.14 | K53: 116.642 | L53: 110.69 | M53: 103.682 | N53: 131.002 | O53: 89.032 | P53: 151.593 | Q53: 158.991 | R53: 159.708 | S53: 173.969 | T53: 133.32 | U53: 101.644 | V53: 179.175 | W53: 209.64 | X53: 164.156 | Y53: 205.641 | Z53: 234.636 | AA53: 244.49
C54: Iné dane z produkcie | D54: Other taxes on production | E54: T0200 (D29) | F54: 62.555 | G54: 67.954 | H54: 75.835 | I54: 78.894 | J54: 89.799 | K54: 93.698 | L54: 80.685 | M54: 102.843 | N54: 108.236 | O54: 63.568 | P54: 125.415 | Q54: 134.567 | R54: 134.598 | S54: 147.9 | T54: 120.628 | U54: 95.8 | V54: 140.878 | W54: 156.103 | X54: 164.156 | Y54: 205.641 | Z54: 234.636 | AA54: 244.49
C55: Bežné dane z majetku, atď. | D55: Current taxes on income, wealth etc. | E55: T0200 (D5) | F55: 19.252 | G55: 8.757 | H55: 21.905 | I55: 26.624 | J55: 9.341 | K55: 22.944 | L55: 30.005 | M55: 0.839 | N55: 22.766 | O55: 25.464 | P55: 26.178 | Q55: 24.424 | R55: 25.11 | S55: 26.069 | T55: 12.692 | U55: 5.844 | V55: 38.297 | W55: 53.537 | X55: 0 | Y55: 0 | Z55: 0 | AA55: 0
C56: Subvencie | D56: Subsidies | E56: T0200 (D3P) | F56: 919.869 | G56: 877.728 | H56: 782.77 | I56: 878.189 | J56: 892.342 | K56: 1079.6 | L56: 1066.82 | M56: 949.99 | N56: 854.73 | O56: 876.726 | P56: 879.057 | Q56: 928.1 | R56: 1240.353 | S56: 1369.152 | T56: 1196.408 | U56: 4196.05 | V56: 2208.702 | W56: 1751.075 | X56: 1575.806 | Y56: 1229.812 | Z56: 1175.94 | AA56: 1063.347
C57: - Dotácie do poľnohospodárstva | D57: Agricultural subsidies | E57: RK 644 COFOG 042 bez S3 EU OUT, zdroj ŠR a spolufinancovanie (len EU zdrojov) | F57: 325.997 | G57: 210.512 | H57: 196.977 | I57: 151.489 | J57: 120.155 | K57: 138.037 | L57: 91.73 | M57: 68.585 | N57: 57.859 | O57: 92.421 | P57: 89.744088 | Q57: 126.425 | R57: 121.456 | S57: 108.738 | T57: 169.264 | U57: 143.575 | V57: 204.788 | W57: 185.051 | X57: 272.156 | Y57: 175.757 | Z57: 283.212 | AA57: 155.633
C58: - Dotácie do dopravy | D58: Transport subsidies | E58: RK 644 z toho COFOG 045 bez S3 EU OUT | F58: 385.931 | G58: 233.392 | H58: 309.879 | I58: 240.353 | J58: 237.512 | K58: 227.627 | L58: 238.88 | M58: 261.46 | N58: 242.321 | O58: 187.644 | P58: 202.05789 | Q58: 235.515 | R58: 266.122 | S58: 287.528 | T58: 322.759 | U58: 329.286 | V58: 338.335 | W58: 352.851 | X58: 366.176 | Y58: 379.713 | Z58: 385.604 | AA58: 391.493
C59: - železničná doprava | D59: Railway transport | E59: RK 644 z toho COFOG 0453 bez S3 EU OUT | F59: 215.262 | G59: 45.003 | H59: 109.405 | I59: 32.588 | J59: 16.19 | K59: 7.441 | L59: 67.549 | M59: 8.537 | N59: 9.633 | O59: 9.051 | P59: 9.015236 | Q59: 10.593 | R59: 11.408 | S59: 0 | T59: 0 | U59: 0.88 | V59: 16.367 | W59: 16.889 | X59: 18.614 | Y59: 25.611 | Z59: 25.611 | AA59: 25.611
... C83: z toho: Odvody do rozpočtu EÚ | D83: Contribution to the EU budget | E83: RK 649005 | F83: 519.571 | G83: 612.116 | H83: 520.27 | I83: 582.139 | J83: 640.311 | K83: 713.409 | L83: 595.965 | M83: 725.076 | N83: 684.196 | O83: 601.959 | P83: 763.637 | Q83: 750.226 | R83: 877.392 | S83: 964.922 | T83: 916.494 | U83: 945.834 | V83: 849.071 | W83: 992.78 | X83: 1269.4 | Y83: 1374.21 | Z83: 1653.19 | AA83: 2076.26
C84: Transfery NO, cirkvi, súkr. školám a pod. | D84: Transfers to NPISH | E84: ŠR EKRK 642001+2+4+5+6+7+9+10, bez EÚ | N84: 360.66 | O84: 374.713 | P84: 435.49 | Q84: 490.982 | R84: 574.477 | S84: 601.556 | T84: 637.789 | U84: 761.971 | V84: 794.197 | W84: 958.5 | X84: 1080.401 | Y84: 1237.612 | Z84: 1223.92 | AA84: 1229.288
C85: z toho: 2% z daní na verejnoprospešný účel | D85: 2% of taxes for publicly beneficial purposes | E85: RK 111004+RK 112001 | F85: 49.18 | G85: 55.18 | H85: 44.145 | I85: 41.97 | J85: 44.695 | K85: 46.707 | L85: 52.193 | M85: 56.97 | N85: 61.631 | O85: 63.429 | P85: 68.343044 | Q85: 73.071 | R85: 53.392 | S85: 87.19 | T85: 87.993 | U85: 100.87 | V85: 105.253 | W85: 109.773 | X85: 131.616 | Y85: 141.381 | Z85: 147.739 | AA85: 155.802
C86: Kapitálové výdavky | D86: Capital expenditure | E86: suma | F86: 2924.238 | G86: 3733.971 | H86: 3108.567 | I86: 3257.705 | J86: 2861.91 | K86: 2991.645 | L86: 3642.715 | M86: 5884.75 | N86: 3333.554 | O86: 3096.725 | P86: 3725.251 | Q86: 3832.12 | R86: 4077.118 | S86: 3697.029 | T86: 4082.057 | U86: 6704.044 | V86: 5274.977 | W86: 7302.571 | X86: 8768.455 | Y86: 6460.454 | Z86: 6441.709 | AA86: 6512.706
C87: Kapitálové investície | D87: Capital investment | E87: suma, T0200(P5L) | F87: 2292.762 | G87: 2626.433 | H87: 2634.138 | I87: 2715.167 | J87: 2459.076 | K87: 2611.917 | L87: 3251.067 | M87: 5321.694 | N87: 2993.959 | O87: 2829.58 | P87: 3414.707 | Q87: 3467.109 | R87: 3346.528 | S87: 3157.142 | T87: 3444.66 | U87: 4738.729 | V87: 4693.784 | W87: 6318.453 | X87: 7707.155 | Y87: 5016.879 | Z87: 5424.178 | AA87: 5638.093
C88: - Tvorba hrubého fixného kapitálu | D88: Gross fixed capital formation | E88: T0200 (P51G) | F88: 2374.095 | G88: 2540.331 | H88: 2513.208 | I88: 2687.912 | J88: 2411.357 | K88: 2532.452 | L88: 3157.805 | M88: 5188.484 | N88: 2782.816 | O88: 2866.875 | P88: 3370.74 | Q88: 3388.474 | R88: 3208.589 | S88: 3071.564 | T88: 3378.789 | U88: 4538.092 | V88: 4624.989 | W88: 6191.979 | X88: 7638.871 | Y88: 4936.348 | Z88: 5347.852 | AA88: 5500.928
C89: - Zmena stavu zásob a nadobudnutie mínus úbytok cenností | D89: Increase in inventories | E89: T0200 (P5M) | F89: 105.166 | G89: 56.747 | H89: 80.034 | I89: -0.629 | J89: 13.73 | K89: 49.66 | L89: 54.637 | M89: -2.571 | N89: 20.757 | O89: -89.512 | P89: 21.244 | Q89: 5.267 | R89: 136.876 | S89: 99.446 | T89: 38.827 | U89: 149.735 | V89: 69.064 | W89: 76.097 | X89: 60.083 | Y89: 91.272 | Z89: 75.585 | AA89: 139.76
C90: - Nadobudnutie mínus úbytok nefinančných neprodukovaných aktív | D90: Acquisition minus disposal of non-financial assets | E90: T0200 (NP) | F90: -186.499 | G90: 29.355 | H90: 40.896 | I90: 27.884 | J90: 33.989 | K90: 29.805 | L90: 38.625 | M90: 135.781 | N90: 190.386 | O90: 52.217 | P90: 22.723 | Q90: 73.368 | R90: 1.063 | S90: -13.868 | T90: 27.044 | U90: 50.902 | V90: -0.269 | W90: 50.377 | X90: 8.201 | Y90: -10.741 | Z90: 0.741 | AA90: -2.595
C91: Kapitálové transfery | D91: Capital transfers | E91: T0200 (D9) | F91: 631.476 | G91: 1107.538 | H91: 474.429 | I91: 542.538 | J91: 402.834 | K91: 379.728 | L91: 391.648 | M91: 563.056 | N91: 339.595 | O91: 267.145 | P91: 310.544 | Q91: 365.011 | R91: 730.59 | S91: 539.887 | T91: 637.397 | U91: 1965.315 | V91: 581.193 | W91: 984.118 | X91: 1061.3 | Y91: 1443.575 | Z91: 1017.531 | AA91: 874.613
C92: Čisté pôžičky poskytnuté / prijaté | D92: Net lending (+)/net borrowing (-) | F92: =F7-F46 -> -1741.9 | G92: =G7-G46 -> -5242.619 | H92: =H7-H46 -> -5116.297 | I92: =I7-I46 -> -3119.86 | J92: =J7-J46 -> -3219.119 | K92: =K7-K46 -> -2135.731 | L92: =L7-L46 -> -2484.511 | M92: =M7-M46 -> -2236.135 | ... AA92: =AA7-AA46 -> -8860.227
C93: v % HDP | D93: - in % of GDP | F93: =F92/F94 -> -0.025408186 | G93: =G92/G94 -> -0.081845406 | H93: =H92/H94 -> -0.074444071 | I93: =I92/I94 -> -0.043555498 | J93: =J92/J94 -> -0.043662329 | K93: =K92/K94 -> -0.028612735 | L93: =L92/L94 -> -0.032450841 | M93: =M92/M94 -> -0.027820823 | ... AA93: =AA92/AA94 -> -0.054056557
C94: HDP | D94: GDP | F94: 68556.645 | G94: 64055.141 | H94: 68726.722 | I94: 71629.533 | J94: 73727.607 | K94: 74642.671 | L94: 76562.3 | M94: 80376.307 | N94: 81621.573 | O94: 84960.37 | P94: 90275.851 | Q94: 94547.484 | R94: 94320.583 | S94: 101891.57 | T94: 109959.76 | U94: 123538.7 | V94: 130207.52 | W94: 136754.31 | X94: 143942.13 | Y94: 150662.34 | Z94: 157154.28 | AA94: 163906.61
C95: Zdroj: ŠÚ SR, MF SR
C96: Source: SO SR, MoF SR

Sheet G 1
C3: GRAF 1 – HDP (mil. s.c., tempá rastu vyznačené v grafe) | D3: FIGURE 1 – GDP (mil. constant prices, growth rates in the chart)
E4: 2019 | F4: 2020 | G4: 2021 | H4: 2022 | I4: 2023 | J4: 2024 | K4: 2025 | L4: 2026 | M4: 2027 | N4: 2028 | O4: 2029 | P4: 2030
C5: HDP v s.c. (predpoklady strednodobého plánu) | D5: GDP in cons. prices (assumptions of MTP) | E5: 96.66848 | F5: 93.449687 | G5: 97.908378 | H5: 99.739301 | I5: 101.33159 | J5: 103.66238 | K5: 105.96762 | L5: 108.46644 | M5: 109.59934 | N5: 111.67238
C6: Rast HDP (september 2024) | D6: GDP growth (assumptions of MTP) | E6: 2.5112562 | F6: -3.3297232 | G6: 4.7712214 | H6: 1.8700362 | I6: 1.596455 | J6: 2.3001612 | K6: 2.2237888 | L6: 2.3581013 | M6: 1.0444682 | N6: 1.8914692
C7: HDP v s.c. (september 2026) | D7: GDP in const. prices (September 2026) | E7: 96.823979 | F7: 94.320583 | G7: 99.655222 | H7: 100.19794 | I7: 102.31475 | J7: 104.2983 | K7: 105.14043 | L7: 105.94022 | M7: 107.86107 | N7: 109.55655 | O7: 111.8199 | P7: 114.12291
C8: Rast HDP (september 2026) | D8: GDP growth (September 2026) | E8: 2.2758991 | F8: -2.5855124 | G8: 5.6558588 | H8: 0.54459163 | I8: 2.1126363 | J8: 1.9386745 | K8: 0.80741869 | L8: 0.76068682 | M8: 1.8131466 | N8: 1.5719106 | O8: 2.0659224 | P8: 2.0595669
P9: Zdroj: MF SR
P10: Source: MoF SR

Sheet G 2
C3: GRAF 2 – Čerpanie EÚ zdrojov (% HDP) | D3: FIGURE 2 – Abosrption of EU and RRF funds (% GDP)
E4: 2021 | F4: 2022 | G4: 2023 | H4: 2024 | I4: 2025 | J4: 2026 | K4: 2027 | L4: 2028 | M4: 2029
C5: EÚ fondy | D5: EU funds - capital | E5: 2.5824838 | F5: 2.3763426 | G5: 4.4703692 | H5: 1.2704012 | I5: 1.6754269 | J5: 1.6518126 | K5: 1.6388291 | L5: 1.7415184 | M5: 2.3201997
C6: POO | D6: RRP | E6: 0.00596145 | F6: 0.044208328 | G6: 0.2073233 | H6: 0.7118309 | I6: 1.5399535 | J6: 1.7580052 | K6: 0.26212622 | L6: 0.1637563 | M6: 0.04283294
M7: Zdroj: MF SR
M8: Source: MoF SR

Sheet G 3
C3: GRAF 3 – Verejné mzdy porastú pre konsolidáciu pomalšie než súkromné (%) | D3: FIGURE 3 – Public wages will frow slowly than private wages due to consolidation (%)
E4: 2012 | F4: 2013 | G4: 2014 | H4: 2015 | I4: 2016 | J4: 2017 | K4: 2018 | L4: 2019 | M4: 2020 | N4: 2021 | O4: 2022 | P4: 2023 | Q4: 2024 | R4: 2025 | S4: 2026 | T4: 2027 | U4: 2028 | V4: 2029 | W4: 2030
C5: Mzda v súkromnom sektore | D5: Private sector wage | E5: 2.1601017 | F5: 2.1144279 | G5: 3.8976857 | H5: 2.8135991 | I5: 2.622577 | J5: 4.5555556 | K5: 6.0573858 | L5: 6.3126253 | M5: 2.1677663 | N5: 6.7343173 | O5: 8.988764 | P5: 9.0404441 | Q5: 6.0363636 | R5: 5.8984911 | S5: 4.4041451 | T5: 4.528536 | U5: 4.7477745 | V5: 4.6458924 | W5: 4.1689226
C6: Mzda vo verejnom sektore | D6: Public sector wage | E6: 3.7131882 | F6: 3.4567901 | G6: 4.6539379 | H6: 3.3067275 | I6: 5.6291391 | J6: 5.015674 | K6: 6.6666667 | L6: 13.432836 | M6: 8.5526316 | N6: 6.7424242 | O6: 3.9034776 | P6: 11.270492 | Q6: 7.980356 | R6: 7.2768619 | S6: 4.5574987 | T6: 3.9026863 | U6: 3.6585366 | V6: 3.4352941 | W6: 3.4121929
W7: Zdroj: ŠÚ SR, MF SR
W8: Source: SO SR, MoF SR

Sheet G 4
C3: GRAF 4 – Príspevky zložiek k inflácii (p. b.) | D3: FIGURE 4 – Contributions of components to inflation (p. p.)
E4: 2022 | F4: 2023 | G4: 2024 | H4: 2025 | I4: 2026 | J4: 2027 | K4: 2028 | L4: 2029
C5: Celková inflácia | D5: Headline inflation | E5: 12.772863 | F5: 10.511834 | G5: 2.8211085 | H5: 3.6748175 | I5: 3.7109596 | J5: 2.8805391 | K5: 4.4202873 | L5: 2.2876517
C6: Čistá inflácia | D6: Net inflation | E6: 7.1964524 | F6: 6.3504692 | G6: 1.8006971 | H6: 1.261838 | I6: 2.4863774 | J6: 1.7622912 | K6: 2.4115164 | L6: 2.0477294
C7: Ceny potravín | D7: Food prices | E7: 3.6553187 | F7: 3.3290236 | G7: 0.47461847 | H7: 0.71276853 | I7: -0.17525773 | J7: 0.84272553 | K7: 0.4627445 | L7: 0.42324695
C8: Regulované ceny | D8: Regulated prices | E8: 1.8410919 | F8: 1.1923409 | G8: 0.19579296 | H8: 0.55177445 | I8: 1.2352955 | J8: 0.21513797 | K8: 1.4257032 | L8: -0.20936459
C9: Zmena nepriamych daní | D9: Change in indirect taxes | E9: 0.08 | F9: -0.36 | G9: 0.35 | H9: 1.1484365 | I9: 0.16454444 | J9: 0.06038441 | K9: 0.12032318 | L9: 0.026040008
L10: Zdroj: ŠÚ SR, MF SR
L11: Source: SO SR, MoF SR

Sheet G 5
D3: Euro area | E3: Germany
D4: Eurozóna | E4: Nemecko | G4: GRAF 5 – Vývoj objednávok v priemysle (ESI index, body)
C5: 36556 | D5: -3.7 | E5: -16.6
C6: 36585 | D6: -0.5 | E6: -13.3
C7: 36616 | D7: 3.2 | E7: -8.7
C8: 36646 | D8: 1.7 | E8: -10.1
C9: 36677 | D9: 5.2 | E9: -6.9
C10: 36707 | D10: 6.2 | E10: -6.3
C11: 36738 | D11: 3.8 | E11: -5.7
C12: 36769 | D12: 2.8 | E12: -3.2
C13: 36799 | D13: 5.1 | E13: -3.3
C14: 36830 | D14: 3.3 | E14: -2.4
C15: 36860 | D15: 3.1 | E15: -1.7
C16: 36891 | D16: 0.8 | E16: -3.8
... C19: 36981 | D19: -4.6 | E19: -9.8
C20: 37011 | D20: -10.1 | E20: -16.4 | I20: Zdroj: Európska komisia, MF SR
C21: 37042 | D21: -9.5 | E21: -16.3
C22: 37072 | D22: -12.2 | E22: -21.1 | G22: FIGURE 5 – Development of Industrial Orders (ESI Index, points)
C23: 37103 | D23: -14.6 | E23: -21.1
C24: 37134 | D24: -17.2 | E24: -23.9
C25: 37164 | D25: -21.5 | E25: -28
C26: 37195 | D26: -24.3 | E26: -32.7
C27: 37225 | D27: -25.8 | E27: -33.8
C28: 37256 | D28: -25.4 | E28: -33.9
C29: 37287 | D29: -25.6 | E29: -34.1
C30: 37315 | D30: -21.2 | E30: -33.7
C31: 37346 | D31: -22 | E31: -34.6
C32: 37376 | D32: -22.3 | E32: -34.7
C33: 37407 | D33: -19.2 | E33: -31.3
C34: 37437 | D34: -21 | E34: -32.6
... C39: 37590 | D39: -19.9 | E39: -29.5
C40: 37621 | D40: -20.4 | E40: -30.8 | I40: Source: European Commission, MoF SR
C41: 37652 | D41: -22 | E41: -31.6
C42: 37680 | D42: -20.6 | E42: -28.4
C43: 37711 | D43: -24.2 | E43: -31.2
C44: 37741 | D44: -26 | E44: -32.9
C45: 37772 | D45: -26.6 | E45: -31.9
C46: 37802 | D46: -28.1 | E46: -33.3
C47: 37833 | D47: -27.5 | E47: -34.3
C48: 37864 | D48: -25.1 | E48: -31.3
C49: 37894 | D49: -25.1 | E49: -31.6
C50: 37925 | D50: -22.2 | E50: -29.6
C51: 37955 | D51: -19.9 | E51: -25.8
C52: 37986 | D52: -20 | E52: -27.2
... C324: 46265 | D324: -18.4 | E324: -24.4

Sheet G 6
D3: Composite | E3: Manufacturing | F3: Services | H3: GRAF 6 – Index nákupných manažérov v eurozóne (hodnoty nad 50 = expanzia)
D4: Kompozit | E4: Priemysel | F4: Služby
C5: 43496 | D5: 51 | E5: 50.5 | F5: 51.2
C6: 43524 | D6: 51.9 | E6: 49.3 | F6: 52.8
C7: 43555 | D7: 51.6 | E7: 47.5 | F7: 53.3
C8: 43585 | D8: 51.5 | E8: 47.9 | F8: 52.8
C9: 43616 | D9: 51.8 | E9: 47.7 | F9: 52.9
C10: 43646 | D10: 52.2 | E10: 47.6 | F10: 53.6
C11: 43677 | D11: 51.5 | E11: 46.5 | F11: 53.2
C12: 43708 | D12: 51.9 | E12: 47 | F12: 53.5
C13: 43738 | D13: 50.1 | E13: 45.7 | F13: 51.6
C14: 43769 | D14: 50.6 | E14: 45.9 | F14: 52.2
C15: 43799 | D15: 50.6 | E15: 46.9 | F15: 51.9
C16: 43830 | D16: 50.9 | E16: 46.3 | F16: 52.8
... C20: 43951 | D20: 13.6 | E20: 33.4 | F20: 12
C21: 43982 | D21: 31.9 | E21: 39.4 | F21: 30.5 | M21: Zdroj: Bloomberg, MF SR
C22: 44012 | D22: 48.5 | E22: 47.4 | F22: 48.3
C23: 44043 | D23: 54.9 | E23: 51.8 | F23: 54.7 | H23: FIGURE 6 – Purchasing Managers´ Index (readings above 50 = expansion)
C24: 44074 | D24: 51.9 | E24: 51.7 | F24: 50.5
C25: 44104 | D25: 50.4 | E25: 53.7 | F25: 48
C26: 44135 | D26: 50 | E26: 54.8 | F26: 46.9
C27: 44165 | D27: 45.3 | E27: 53.8 | F27: 41.7
C28: 44196 | D28: 49.1 | E28: 55.2 | F28: 46.4
C29: 44227 | D29: 47.8 | E29: 54.8 | F29: 45.4
C30: 44255 | D30: 48.8 | E30: 57.9 | F30: 45.7
C31: 44286 | D31: 53.2 | E31: 62.5 | F31: 49.6
C32: 44316 | D32: 53.8 | E32: 62.9 | F32: 50.5
C33: 44347 | D33: 57.1 | E33: 63.1 | F33: 55.2
C34: 44377 | D34: 59.5 | E34: 63.4 | F34: 58.3
C35: 44408 | D35: 60.2 | E35: 62.8 | F35: 59.8
... C38: 44500 | D38: 54.2 | E38: 58.3 | F38: 54.6
C39: 44530 | D39: 55.4 | E39: 58.4 | F39: 55.9 | M39: Source: Bloomberg, MoF SR
C40: 44561 | D40: 53.3 | E40: 58 | F40: 53.1
C41: 44592 | D41: 52.3 | E41: 58.7 | F41: 51.1
C42: 44620 | D42: 55.5 | E42: 58.2 | F42: 55.5
C43: 44651 | D43: 54.9 | E43: 56.5 | F43: 55.6
C44: 44681 | D44: 55.8 | E44: 55.5 | F44: 57.7
C45: 44712 | D45: 54.8 | E45: 54.6 | F45: 56.1
C46: 44742 | D46: 52 | E46: 52.1 | F46: 53
C47: 44773 | D47: 49.9 | E47: 49.8 | F47: 51.2
C48: 44804 | D48: 48.9 | E48: 49.6 | F48: 49.8
C49: 44834 | D49: 48.1 | E49: 48.4 | F49: 48.8
C50: 44865 | D50: 47.3 | E50: 46.4 | F50: 48.6
C51: 44895 | D51: 47.8 | E51: 47.1 | F51: 48.5
... C96: 46265 | D96: 52 | E96: 52.7 | F96: 51.6

Sheet G 7
C3: GRAF 7 – Vážený index zahraničného dopytu (level)
C4: FIGURE 7 – Weighted index of external demand (level)
D5: 44986 | E5: 45078 | F5: 45170 | G5: 45261 | H5: 45352 | I5: 45444 | J5: 45536 | K5: 45627 | L5: 45717 | M5: 45809 | N5: 45901 | O5: 45992 | P5: 46082 | Q5: 46174 | R5: 46266 | S5: 46357 | T5: 46447 | U5: 46539 | V5: 46631 | W5: 46722 | X5: 46813 | Y5: 46905 | Z5: 46997 | AA5: 47088 | AB5: 47178 | AC5: 47270 | AD5: 47362 | AE5: 47453
C6: IFP Sep 2025 | D6: 1 | E6: 0.99295998 | F6: 0.9813394 | G6: 0.97295924 | H6: 0.97004734 | I6: 0.98401159 | J6: 0.99215825 | K6: 0.98561702 | L6: 0.99923969 | M6: 0.99605818 | N6: 0.99923359 | O6: 1.0042701 | P6: 1.0115523 | Q6: 1.019286 | R6: 1.0266513 | S6: 1.0332934 | T6: 1.0413572 | U6: 1.0488098 | V6: 1.0560216 | W6: 1.0628819 | X6: 1.0711929 | Y6: 1.0800129 | Z6: 1.0887941 | AA6: 1.0979868 | AB6: 1.1049722 | AC6: 1.1121156 | AD6: 1.119305 | AE6: 1.1265409
C7: IFP Sep 2026 | D7: 1 | E7: 0.99363127 | F7: 0.98479471 | G7: 0.98220087 | H7: 0.97902751 | I7: 0.98876388 | J7: 0.99983463 | K7: 1.0000041 | L7: 1.016559 | M7: 1.0234784 | N7: 1.032718 | O7: 1.0391364 | P7: 1.0473298 | Q7: 1.0556068 | R7: 1.0601602 | S7: 1.0650813 | T7: 1.0728316 | U7: 1.0813737 | V7: 1.0897631 | W7: 1.0982082 | X7: 1.106587 | Y7: 1.1149537 | Z7: 1.1232685 | AA7: 1.1314917 | AB7: 1.1393293 | AC7: 1.1472207 | AD7: 1.155166 | AE7: 1.1631658
AE8: Zdroj: MF SR
AE9: Source: MoF SR

Sheet G 8
C3: GRAF 8 – Medziročná zmena váž. ind. zahr. dopytu (%)
C4: FIGURE 8 – Annual growth of weigh. ext. demand ind. (%)
D5: 2023 | E5: 2024 | F5: 2025 | G5: 2026 | H5: 2027 | I5: 2028 | J5: 2029
C6: IFP Sep 2025 | D6: -1.312673 | E6: -0.39076305 | F6: 1.7032082 | G6: 2.3002255 | H6: 2.8915615 | I6: 3.0628181 | J6: 2.8896303
C7: IFP Sep 2026 | D7: -1.4296529 | E7: 0.17682226 | F7: 3.6359658 | G7: 2.8280488 | H7: 2.6961603 | I7: 3.0888736 | J7: 2.8724816
J8: Zdroj: MF SR
J9: Source: MoF SR

Sheet G 9
C3: GRAF 9 – Vývoj produkčnej medzery (% pot. HDP) – porovnanie MF SR, NBS, EK | D3: FIGURE 9 – Output gap (% pot. GDP) – comparing MoF SR, NBS, EC
C4: Vstupné dáta | D4: Input data | E4: 2019 | F4: 2020 | G4: 2021 | H4: 2022 | I4: 2023 | J4: 2024 | K4: 2025 | L4: 2026 | M4: 2027 | N4: 2028 | O4: 2029 | P4: 2030
C5: MFSR (Sept) | D5: MoF SR (Sept) | E5: 2.4863717 | F5: -2.282899 | G5: 1.2919661 | H5: 0.57847204 | I5: 0.57158015 | J5: 0.58037919 | K5: -0.4753672 | L5: -1.7239054 | M5: -1.7358007 | N5: -1.9188092 | O5: -1.6380456
C6: NBS (Sept) | D6: NBS (Sept) | E6: 1.2594 | F6: -3.2467 | G6: 1.017 | H6: 1.2887 | I6: 0.2 | J6: 0.4326484 | K6: -0.27720812 | L6: -0.85891734 | M6: -0.87173624 | N6: -0.23762436
C7: MFSR (Jún) | D7: MoF SR (June) | E7: 2.4863265 | F7: -2.2831053 | G7: 1.2918687 | H7: 0.52517345 | I7: 0.37143503 | J7: 0.27242679 | K7: -0.77673244 | L7: -2.0184197 | M7: -2.1994764 | N7: -2.0743496 | O7: -1.4232935 | P7: -1.1643372
C8: EK (Máj) | D8: EC (May) | E8: 1.56613 | F8: -2.38231 | G8: 1.56788 | H8: 0.71321 | I8: 0.60046 | J8: 0.24045 | K8: -0.4978 | L8: -1.05566 | M8: -0.7718
P9: Zdroj: MF SR, NBS, AMECO
P10: Source: MoF SR, NBS, AMECO

Sheet T 1
C3: TABUĽKA 1 – Produkčná medzera a príspevky faktorov k rastu potenciálneho produktu – národná metodika
D4: Prod. medzera (% pot. HDP) | E4: Pot. HDP (rast, %) | F4: TFP* | G4: Kapitál | H4: Práca
C5: 2020 | D5: -2.282899 | E5: 2.1691975 | F5: 1.4336031 | G5: 0.64965898 | H5: 0.076721178
C6: 2021 | D6: 1.2919661 | E6: 1.9269802 | F6: 1.390321 | G6: 0.48845693 | H6: 0.041580915
C7: 2022 | D7: 0.57847204 | E7: 1.2578453 | F7: 0.58619479 | G7: 0.61854642 | H7: 0.050383826
C8: 2023 | D8: 0.57158015 | E8: 2.1196338 | F8: 1.4793898 | G8: 0.65951817 | H8: -0.026735678
C9: 2024 | D9: 0.58037919 | E9: 1.9297566 | F9: 1.0089665 | G9: 0.8948512 | H9: 0.019676307
C10: 2025 | D10: -0.4753672 | E10: 1.8767727 | F10: 1.0565598 | G10: 0.7469911 | H10: 0.066349076
C11: 2026F | D11: -1.7239054 | E11: 2.0407902 | F11: 1.1574417 | G11: 0.79445346 | H11: 0.080642885
C12: 2027F | D12: -1.7358007 | E12: 1.8254715 | F12: 1.0793906 | G12: 0.76206552 | H12: -0.021528538
C13: 2028F | D13: -1.9188092 | E13: 1.7614323 | F13: 1.0842912 | G13: 0.70779524 | H13: -0.035709735
C14: 2029F | D14: -1.6380456 | E14: 1.7745862 | F14: 1.1600649 | G14: 0.72523096 | H14: -0.11479718
C15: *Celková produktivita výrobných faktorov | H15: Zdroj: MF SR
C18: TABLE 1 – Output gap and factor contributions to potential growth – national methodology
D19: Output gap (% pot. GDP) | E19: Pot. GDP (growth, %) | F19: TFP* | G19: Capital stock | H19: Labour
C20: 2020 | D20: =D5 -> -2.282899 | E20: =E5 -> 2.1691975 | F20: =F5 -> 1.4336031 | G20: =G5 -> 0.64965898 | H20: =H5 -> 0.076721178
C21: 2021 | D21: =D6 -> 1.2919661 | E21: =E6 -> 1.9269802 | F21: =F6 -> 1.390321 | G21: =G6 -> 0.48845693 | H21: =H6 -> 0.041580915
C22: 2022 | D22: =D7 -> 0.57847204 | E22: =E7 -> 1.2578453 | F22: =F7 -> 0.58619479 | G22: =G7 -> 0.61854642 | H22: =H7 -> 0.050383826
C23: 2023 | D23: =D8 -> 0.57158015 | E23: =E8 -> 2.1196338 | F23: =F8 -> 1.4793898 | G23: =G8 -> 0.65951817 | H23: =H8 -> -0.026735678
C24: 2024 | D24: =D9 -> 0.58037919 | E24: =E9 -> 1.9297566 | F24: =F9 -> 1.0089665 | G24: =G9 -> 0.8948512 | H24: =H9 -> 0.019676307
C25: 2025 | D25: =D10 -> -0.4753672 | E25: =E10 -> 1.8767727 | F25: =F10 -> 1.0565598 | G25: =G10 -> 0.7469911 | H25: =H10 -> 0.066349076
C26: 2026F | D26: =D11 -> -1.7239054 | E26: =E11 -> 2.0407902 | F26: =F11 -> 1.1574417 | G26: =G11 -> 0.79445346 | H26: =H11 -> 0.080642885
C27: 2027F | D27: =D12 -> -1.7358007 | E27: =E12 -> 1.8254715 | F27: =F12 -> 1.0793906 | G27: =G12 -> 0.76206552 | H27: =H12 -> -0.021528538
C28: 2028F | D28: =D13 -> -1.9188092 | E28: =E13 -> 1.7614323 | F28: =F13 -> 1.0842912 | G28: =G13 -> 0.70779524 | H28: =H13 -> -0.035709735
C29: 2029F | D29: =D14 -> -1.6380456 | E29: =E14 -> 1.7745862 | F29: =F14 -> 1.1600649 | G29: =G14 -> 0.72523096 | H29: =H14 -> -0.11479718
C30: *Total factor productivity | H30: Source: MoF SR

Sheet G 10 & G 11
C3: GRAF 10 – Vývoj nominálneho salda v % HDP | D3: FIGURE 10 – Development of the nominal balance in % of GDP
C4: Saldo | D4: Balance | E4: 2008 | F4: 2009 | G4: 2010 | H4: 2011 | I4: 2012 | J4: 2013 | K4: 2014 | L4: 2015 | M4: 2016 | N4: 2017 | O4: 2018 | P4: 2019 | Q4: 2020 | R4: 2021 | S4: 2022 | T4: 2023 | U4: 2024 | V4: 2025 | W4: 2026
C5: Nominálne saldo | D5: Nominal balance | E5: -2.5408186 | F5: -8.1845406 | G5: -7.4444071 | H5: -4.3555498 | I5: -4.3662329 | J5: -2.8612735 | K5: -3.2450841 | L5: -2.7820823 | M5: -2.5935374 | N5: -0.98465673 | O5: -1.0059955 | P5: -1.2050453 | Q5: -5.2959119 | R5: -5.0897675 | S5: -1.5637566 | T5: -5.307201 | U5: -5.34744 | V5: -4.4505397 | W5: -4.36977
C6: Nominálny cieľ rozpočtu | D6: Nominal balance at budgeting | W6: -4.1
C7: Finančná kríza | D7: Financial crisis | F7: -10 | G7: -10
C8: COVID-19 | D8: COVID-19 | Q8: -10 | R8: -10
C9: Energetická kríza | D9: Energy crisis | S9: -10 | T9: -10 | U9: -10
C10: 1. konsolidácia | D10: 1st consolidation | U10: -10
C11: 2. konsolidácia | D11: 2nd consolidation | V11: -10
C12: 3. konsolidácia | D12: 3rd consolidation | V12: -10 | W12: -10
C13: Hranica nadmerného deficitu | D13: Excessive deficit threshold | E13: -3 | F13: -3 | G13: -3 | H13: -3 | I13: -3 | J13: -3 | K13: -3 | L13: -3 | M13: -3 | N13: -3 | O13: -3 | P13: -3 | Q13: -3 | R13: -3 | S13: -3 | T13: -3 | U13: -3 | V13: -3 | W13: -3
W14: Zdroj: MF SR
W15: Source: MoF SR
C29: GRAF 11 – Hlavné príspevky k zmene deficitu medzi rokmi 2023 a 2026 (v p. b., ESA 2010) | D29: FIGURE 11 – Main contributions to the change in the deficit between 2023 and 2026 (in p.p., ESA 2010)
C30: Deficit roka 2023 | D30: Deficit 2023 | E30: -5.307201 | G30: =E30 -> -5.307201
C31: Konsolidácia 2024 - 2026 | D31: Revenue Consolidation 2024 - 2026 | E31: 4.2530747 | F31: =IF(AND(E30>0,E31>0),F30+E31,IF(AND(E30>0,E31<0),F30,IF(AND(E30<0,E31<0),F30+E30,IF(AND(E30<0,E31>0),F30+E30+E31,IF(AND(E30=0,E31<>0),F30,F30))))) -> -1.0541263 | G31: =ABS(E31)*-1 -> -4.2530747
C32: Nové výdavky 2024 - 2026 | D32: Expenditure Consolidation 2024 - 2026 | E32: -0.68509115 | F32: =IF(AND(E31>0,E32>0),F31+E32,IF(AND(E31>0,E32<0),F31,IF(AND(E31<0,E32<0),F31+E31,IF(AND(E31<0,E32>0),F31+E31+E32,IF(AND(E31=0,E32<>0),F31,F31))))) -> -1.0541263 | G32: =ABS(E32)*-1 -> -0.68509115
C33: Energopomoc | D33: Energy Aid | E33: 1.506007 | F33: =IF(AND(E32>0,E33>0),F32+E33,IF(AND(E32>0,E33<0),F32,IF(AND(E32<0,E33<0),F32+E32,IF(AND(E32<0,E33>0),F32+E32+E33,IF(AND(E32=0,E33<>0),F32,F32))))) -> -0.2332104 | G33: =ABS(E33)*-1 -> -1.506007
C34: Makroekonomický šok | D34: Macroeconomic shock | E34: -0.95249583 | F34: =IF(AND(E33>0,E34>0),F33+E34,IF(AND(E33>0,E34<0),F33,IF(AND(E33<0,E34<0),F33+E33,IF(AND(E33<0,E34>0),F33+E33+E34,IF(AND(E33=0,E34<>0),F33,F33))))) -> -0.2332104 | G34: =ABS(E34)*-1 -> -0.95249583
C35: Úrokové náklady a odvod do rozp. EÚ | D35: Interest costs and EU budget contr. | E35: -0.78795027 | F35: =IF(AND(E34>0,E35>0),F34+E35,IF(AND(E34>0,E35<0),F34,IF(AND(E34<0,E35<0),F34+E34,IF(AND(E34<0,E35>0),F34+E34+E35,IF(AND(E34=0,E35<>0),F34,F34))))) -> -1.1857062 | G35: =ABS(E35)*-1 -> -0.78795027
C36: Dôchodcovské dávky (inflačný šok) | D36: Pension benefits (inflation shock) | E36: -0.7721425 | F36: =IF(AND(E35>0,E36>0),F35+E36,IF(AND(E35>0,E36<0),F35,IF(AND(E35<0,E36<0),F35+E35,IF(AND(E35<0,E36>0),F35+E35+E36,IF(AND(E35=0,E36<>0),F35,F35))))) -> -1.9736565 | G36: =ABS(E36)*-1 -> -0.7721425
C37: Výdavky na obranu | D37: Defence expenditure | E37: -0.73160611 | F37: =IF(AND(E36>0,E37>0),F36+E37,IF(AND(E36>0,E37<0),F36,IF(AND(E36<0,E37<0),F36+E36,IF(AND(E36<0,E37>0),F36+E36+E37,IF(AND(E36=0,E37<>0),F36,F36))))) -> -2.745799 | G37: =ABS(E37)*-1 -> -0.73160611
C38: Rast daňových príjmov voči makroz. | D38: Tax revenue growth vs. macro bases | E38: -0.41258248 | F38: =IF(AND(E37>0,E38>0),F37+E38,IF(AND(E37>0,E38<0),F37,IF(AND(E37<0,E38<0),F37+E37,IF(AND(E37<0,E38>0),F37+E37+E38,IF(AND(E37=0,E38<>0),F37,F37))))) -> -3.4774051 | G38: =ABS(E38)*-1 -> -0.41258248
C39: Ostatné | D39: Other | E39: =-(SUM(E30:E38)-E40) -> -0.47978244 | F39: =IF(AND(E38>0,E39>0),F38+E39,IF(AND(E38>0,E39<0),F38,IF(AND(E38<0,E39<0),F38+E38,IF(AND(E38<0,E39>0),F38+E38+E39,IF(AND(E38=0,E39<>0),F38,F38))))) -> -3.8899876 | G39: =ABS(E39)*-1 -> -0.47978244
C40: Deficit roka 2026 | D40: Expected deficit 2026 | E40: -4.36977 | G40: =E40 -> -4.36977
G41: Zdroj: MF SR
G42: Source: MoF SR

Sheet G 12
C3: GRAF 12 – Očakávaný vývoj deficitu VS (% HDP) | D3: FIGURE 12 – Projected general government deficit (% of GDP)
E4: 2023 | F4: 2024 | G4: 2025 | H4: 2026 | I4: 2027 | J4: 2028
C5: Cielené deficity pre 2027-2029 | D5: Targeted deficits 2027-2029 | E5: -5.34744 | F5: -4.4505397 | G5: -4.36977 | H5: -4.9400003 | I5: -4.5 | J5: -4
C6: Návrh RVS 2027-2029 (bez ďalších opatrení) | D6: Draft budget (w/o further measures) | H6: -4.9400003 | I6: -5.26 | J6: -5.41
J7: Zdroj: MF SR
J8: Source: MoF SR

Sheet G 13
C3: GRAF 13 – Kumulatívny rast čistých výdavkov verejnej správy 2024 až 2026 | D3: GRAPH 13 – Cumulative growth of net expenditure 2024 to 2026
E4: 2024 | F4: 2025 | G4: 2026 | H4: 2027 | I4: 2028
C5: Skutočnosť / Očakávaná skutočnosť a ciele | D5: Actual growth / Projected and targeted growth | E5: 3.4003608 | F5: 5.0033042 | G5: 7.5721535 | H5: 12.612469 | I5: 14.714493
C6: Stanovený v MTP | D6: Growth in MTP | E6: 6.2131459 | F6: 10.302034 | G6: 11.240797 | H6: 13.037104 | I6: 14.774496
C7: Zarátaná obranná výnimka | D7: Included defense exemption 2025 | E7: 3.4003608 | F7: 3.4614174 | G7: 6.1484177 | H7: 11.765919 | I7: 13.050692
I8: Zdroj: MF SR
I9: Source: MoF SR

Sheet G 14
C3: GRAF 14 – Hlavné príspevky k medziročnej zmene deficitu v roku 2026 (v p. b., ESA 2010) | D3: FIGURE 14 – Main contributions to the year-on-year change in the deficit in 2026 (in p.p., ESA 2010)
C4: Očakávaný deficit v 2026 | D4: Expected deficit 2026 | E4: -4.37 | G4: =ABS(E4)*-1 -> -4.37
C5: Priority vlády | D5: Government's priorities | E5: -0.413 | F5: =IF(AND(E4>0,E5>0),F4+E5,IF(AND(E4>0,E5<0),F4,IF(AND(E4<0,E5<0),F4+E4,IF(AND(E4<0,E5>0),F4+E4+E5,IF(AND(E4=0,E5<>0),F4,F4))))) -> -4.37 | G5: =ABS(E5)*-1 -> -0.413
C6: Úrokové náklady | D6: Interest expenditure | E6: -0.181 | F6: =IF(AND(E5>0,E6>0),F5+E6,IF(AND(E5>0,E6<0),F5,IF(AND(E5<0,E6<0),F5+E5,IF(AND(E5<0,E6>0),F5+E5+E6,IF(AND(E5=0,E6<>0),F5,F5))))) -> -4.783 | G6: =ABS(E6)*-1 -> -0.181
C7: Ostatné | D7: Others | E7: 0.024 | F7: =IF(AND(E6>0,E7>0),F6+E7,IF(AND(E6>0,E7<0),F6,IF(AND(E6<0,E7<0),F6+E6,IF(AND(E6<0,E7>0),F6+E6+E7,IF(AND(E6=0,E7<>0),F6,F6))))) -> -4.94 | G7: =ABS(E7)*-1 -> -0.024
C8: Cielený deficit v 2027 | D8: Targeted deficit 2027 | E8: -4.94 | G8: =ABS(E8)*-1 -> -4.94
G9: Zdroj: MF SR
G10: Source: MoF SR

Sheet T 2
C3: TABUĽKA 2 – Kvantifikácie nových príjmových a výdavkových opatrení (ESA2010, mil. eur) | D3: TABLE 2 – Quantification of new income and expenditure measures (ESA2010, in EUR millions)
E4: ESA2010 | F4: 2025 | G4: 2026 | H4: 2027
C5: Opatrenia na príjmoch spolu | D5: Summary of revenue measures | F5: =SUM(F6:F8) -> -32 | G5: =SUM(G6:G8) -> -18 | H5: =SUM(H6:H8) -> -18
C6: Zvýšenie OOP na soc. odvody a rozšírenie okruhu osôb | D6: Increase in the social security contribution deductible allowance and extension of eligibility | E6: D.61 | F6: -14 | G6: -15 | H6: -15
C7: Zníženie spotrebnej dane z elektriny pre priemysel | D7: Reduction in excise duty on electricity for industry | E7: D.2 | F7: -1 | G7: -3 | H7: -3
C8: Hypotekárna pomoc vyplácaná bankami ako daňový výdavok | D8: Mortgage assistance paid by banks treated as a tax-deductible expense | E8: D.5 | F8: -17 | G8: 0 | H8: 0
C9: Opatrenia na výdavkoch spolu | D9: Summary of expenditure measures | F9: =SUM(F10:F14) -> 772.34713 | G9: =SUM(G10:G14) -> 484.60673 | H9: =SUM(H10:H14) -> 630.24906
C10: Zmeny vo vyplácaní príspevkov v odkázanosti | D10: Introduction of a dependency assistance benefit (care reform) | E10: D.7 | F10: =[2]legislatíva!F19/1000000 -> 299.97213 | G10: =[3]legislatíva!G19/1000000 -> 320.75818 | H10: =[3]legislatíva!H19/1000000 -> 449.26304
C11: Pripravované opatrenia: najmä podpora rodiny a sociálna oblasť | D11: Budgetary reserve for forthcoming priorities | E11: P.2 | F11: =[2]legislatíva!J47/1000000 -> 122.375 | G11: =[3]legislatíva!K47/1000000 -> 163.84855 | H11: =[3]legislatíva!L47/1000000 -> 180.98603
C12: Nový jadrový zdroj v lokalite Jaslovské Bohunice a s tým súvisiace výdavky | D12: New nuclear power source at the Jaslovské Bohunice site and related expenditures | E12: P.2 | F12: 100 | G12: 0 | H12: 0
C13: Opatrenia na boj proti suchu | D13: Measures to combat drought | E13: P.2 | F13: 100 | G13: 0 | H13: 0
C14: Rezerva na neočakávaný vývoj | D14: Reserve for unforeseen developments | E14: P.2 | F14: =[4]Rezervy_2026_2029!$G$6/1000000 -> 150 | G14: 0 | H14: 0
C15: Poznámka: Mínusové hodnoty znamenajú pri príjmových opatreniach zníženie príjmov, resp. zvýšenie deficitu. Plusové hodnoty pri výdavkových opatreniach zvyšujú výdavky, resp. zvyšujú deficit a naopak. | D15: Note: Negative values for revenue measures indicate lower revenue, i.e. an increase in the deficit. Positive values for expenditure measures indicate higher expenditure, i.e. an increase in the deficit, and vice versa. | H15: Zdroj: MF SR
H16: Source: MoF SR

Sheet T 3
C3: TABUĽKA 3 – Kvantifikácia príjmových a výdavkových opatrení (vplyv na rozpočet v mil. eur, ESA2010) | D3: TABLE 3 – Quantification of revenue and expenditure measures (budget impact in EUR million, ESA 2010)
E4: 2024 | F4: 2025 | G4: 2026 | H4: 2027 | I4: 2028
C5: Konsolidačné opatrenia spolu | D5: Total consolidation measures | E5: =SUM(E6:E8) -> 1512.5843 | F5: =SUM(F6:F8) -> 3662.7308 | G5: =SUM(G6:G8) -> 6272.2944 | H5: =SUM(H6:H8) -> 6428.2954 | I5: =SUM(I6:I8) -> 6257.3124
C6: 1. Konsolidačný balík | D6: 1st consolidation package | E6: 1512.5843 | F6: 1448.5447 | G6: 1563.5837 | H6: 1555.3867 | I6: 1068.9773
C7: 2. Konsolidačný balík | D7: 2nd consolidation package | F7: 2214.1861 | G7: 2341.5777 | H7: 2448.4821 | I7: 2630.1951
C8: 3. Konsolidačný balík | D8: 3rd consolidation package | G8: 2367.1329 | H8: 2424.4265 | I8: 2558.14
C9: Spolu v % HDP | D9: Total (% of GDP) | I9: 3.9816367
C10: Detailnejší pohľad na jednotlivé opatrenia je k dispozícii v DEM a DRM tabuľkách v prílohe. | D10: A more detailed breakdown of the individual measures is available in the DEM and DRM tables in the annex. | I10: Zdroj: MF SR
C11: Konečné hodnoty sú spresnené aj o neskoršie legislatívne prijímané úpravy niektorých príjmových opatrení. | D11: The final figures also incorporate later legislative adjustments to some revenue measures. | I11: Source: MoF SR

Sheet G 15 & G 16
C3: GRAF 15 a 16 – Strednodobá prognóza dlhu a príspevky k jeho medziročnej zmene (% HDP) | D3: FIGURE 15 and 16 – Medium-term debt forecast and decomposition of its annual change (% of GDP)
F4: 2021 | G4: 2022 | H4: 2023 | I4: 2024 | J4: 2025 | K4: 2026 | L4: 2027 | M4: 2028 | N4: 2029
C5: Hrubý dlh (cielené deficity) | D5: Gross debt (budgetary targets) | F5: 60.216876 | G5: 57.756194 | H5: 55.757627 | I5: 59.700734 | J5: 61.392438 | K5: 63.412486 | L5: 66.268265 | M5: 68.356781 | N5: 69.615834
C6: Čistý dlh (cielené deficity) | D6: Net debt (budgetary targets) | F6: 48.950586 | G6: 47.623578 | H6: 48.060605 | I6: 51.409354 | J6: 53.462514 | K6: 55.069962 | L6: 56.743132 | M6: 58.279673 | N6: 59.643462
C7: Likvidné finančné aktíva | D7: Liquid financial assests | F7: 11.26629 | G7: 10.132616 | H7: 7.6970214 | I7: 8.2913798 | J7: 7.9299234 | K7: 8.3425235 | L7: 9.525133 | M7: 10.077109 | N7: 9.9723721
C8: Horné sankčné pásmo dlhovej brzdy | D8: Upper sanction band | F8: 56 | G8: 55 | H8: 54 | I8: 53 | J8: 52 | K8: 51 | L8: 50 | M8: 50 | N8: 50
C9: Spodné sankčné pásmo dlhovej brzdy | D9: Lower sanction band | F9: 46 | G9: 45 | H9: 44 | I9: 43 | J9: 42 | K9: 41 | L9: 40 | M9: 40 | N9: 40
C10: Hrubý dlh (bez ďalších opatrení) | D10: Gross debt (w/o further measures) | L10: 66.268265 | M10: 69.165785 | N10: 71.825252
C11: Čistý dlh (bez ďalších opatrení) | D11: Net debt (w/o further measures)
C12: Pozn.: Vývoj hrubého a čistého dlhu v scenári rozpočtových cieľov deficitov zodpovedá dosiahnutiu akruálnych schodkov verejnej správy -4,9 % HDP v 2027, -4,5 % HDP v 2028 a -4,8 % HDP v 2029. | D12: Note: The projected developments of gross and net debt under the scenario of targeted budget deficits are consistent with general government accrual deficits of –4.9% of GDP in 2027, –4.5% of GDP in 2028, and –4.0% of GDP in 2029. | N12: Zdroj: MF SR
N13: Source: MoF SR
E34: 2025 | F34: 2026 | G34: 2027 | H34: 2028 | I34: 2029
C35: Zmena hrubého dlhu VS | D35: Y-o-y change of gross debt | E35: 1.691704 | F35: 2.0200478 | G35: 2.8557796 | H35: 2.0885162 | I35: 1.2590524
C36: Príspevky k zmene hrubého dlhu verejnej správy: | D36: Contributions to the change in gross general government debt:
C37: Primárne saldo | D37: Primary balance | E37: 2.9013688 | F37: 2.7149119 | G37: 3.1326386 | H37: 2.4696461 | I37: 1.8435787
C38: Úrokové náklady | D38: Interests | E38: 1.5491709 | F38: 1.6548581 | G38: 1.8073614 | H38: 2.0303539 | I38: 2.1564213
C39: Rast reálneho HDP | D39: Real GDP growth | E39: -0.45895859 | F39: -0.44368411 | G39: -1.0984768 | H39: -0.99864684 | I39: -1.3540208
C40: Inflácia (deflátor HDP) | D40: Inflation (GDP deflator) | E40: -2.399074 | F40: -2.6219755 | G40: -1.7300019 | H40: -1.7388518 | I40: -1.4620191
C41: Zosúladenie deficitu a dlhu | D41: Stock-flow adjustment | E41: 0.099196872 | F41: 0.71593747 | G41: 0.74425834 | H41: 0.32601487 | I41: 0.075092359
I42: Zdroj: MF SR
I43: Source: MoF SR

Sheet G 17
C3: GRAF 17 – Prognóza hrubého dlhu SR do roku 2040 (% HDP) | D3: FIGURE 17 – Long-term projection of Slovakia’s gross public debt until 2040 (% of GDP)
E4: 2016 | F4: 2017 | G4: 2018 | H4: 2019 | I4: 2020 | J4: 2021 | K4: 2022 | L4: 2023 | M4: 2024 | N4: 2025 | O4: 2026 | P4: 2027 | Q4: 2028 | R4: 2029 | S4: 2030 | T4: 2031 | U4: 2032 | V4: 2033 | W4: 2034 | X4: 2035 | Y4: 2036 | Z4: 2037 | AA4: 2038 | AB4: 2039 | AC4: 2040
C5: Hrubý dlh (scenár bez zmeny politík) | D5: Gross debt (no policy-change scenario) | E5: 52.412726 | F5: 51.544586 | G5: 49.587097 | H5: 48.23414 | I5: 58.40815 | J5: 60.216876 | K5: 57.756194 | L5: 55.757627 | M5: 59.700734 | N5: 61.392438 | O5: 63.412486 | P5: 66.268265 | Q5: 69.165785 | R5: 71.825252 | S5: 74.004632 | T5: 76.565363 | U5: 79.032514 | V5: 81.480998 | W5: 83.962878 | X5: 86.4682 | Y5: 88.98279 | Z5: 91.51185 | AA5: 94.114932 | AB5: 96.770141 | AC5: 99.535525
C6: Hrubý dlh (konsolidačný scenár po roku 2026) | D6: Gross debt (further measures after 2026) | O6: 63.412486 | P6: 66.268265 | Q6: 68.356781 | R6: 69.615834 | S6: 70.074995 | T6: 69.986008 | U6: 69.236963 | V6: 67.906011 | W6: 66.100324 | X6: 63.837298 | Y6: 61.257778 | Z6: 58.749366 | AA6: 56.842668 | AB6: 55.028608 | AC6: 53.304739
C7: Horné pásmo dlhovej brzdy | D7: Upper sanction bands | E7: 60 | F7: 60 | G7: 59 | H7: 58 | I7: 57 | J7: 56 | K7: 55 | L7: 54 | M7: 53 | N7: 52 | O7: 51 | P7: 50 | Q7: 50 | R7: 50 | S7: 50 | T7: 50 | U7: 50 | V7: 50 | W7: 50 | X7: 50 | Y7: 50 | Z7: 50 | AA7: 50 | AB7: 50 | AC7: 50
C8: Dolné pásmo dlhovej brzdy | D8: Lower sanction bands | E8: 50 | F8: 50 | G8: 49 | H8: 48 | I8: 47 | J8: 46 | K8: 45 | L8: 44 | M8: 43 | N8: 42 | O8: 41 | P8: 40 | Q8: 40 | R8: 40 | S8: 40 | T8: 40 | U8: 40 | V8: 40 | W8: 40 | X8: 40 | Y8: 40 | Z8: 40 | AA8: 40 | AB8: 40 | AC8: 40
C9: Zdroj: MF SR | D9: Source: MoF SR
C35: Pozn.: Dlhodobá prognóza predpokladá vývoj v scenári bez zmeny politík s vplyvom starnutia populácie na štrukturálne saldo v priemere 0,1 % HDP ročne v období 2029-2040. Konsolidačný scenár počíta s dosiahnutím deficitov 3,5 % HDP v 2027 a 2,8 % HDP v 2028, v pokračovaní znižovania deficitu o 0,5 p. b. až do dosiahnutia vyrovnaného rozpočtu a jeho následné udržanie. Dlhodobé predpoklady rastu nominálneho HDP vychádzajú zo Správy o starnutí populácie skupiny AWG z 2024. | D35: Note: The long-term projection assumes a no-policy-change scenario, incorporating the impact of population ageing on the structural balance, estimated at an average of 0.1% of GDP per year over the period 2029–2040. The consolidation scenario assumes deficits of 3.5% of GDP in 2027 and 2.8% of GDP in 2028, followed by a reduction of the deficit by 0.5 percentage points per year until a balanced budget is achieved and subsequently maintained. The long-term assumptions for nominal GDP growth are based on the 2024 Ageing Report prepared by the AWG (Ageing Working Group).

Sheet T 4
C3: TABUĽKA 4 – Rozklad indikátora dlhodobej udržateľnosti S2 k roku 2029 (% HDP) | H3: TABLE 4 – Breakdown of long-term sustainability indicator S2 as of 2029 (% of GDP)
D4: 2026 | E4: RVS 2027-2029 | F4: Rozpočtové ciele | I4: 2026 | J4: GGB 2027-2029 | K4: Budgetary targets
C5: Celková hodnota | D5: 6,4 (vysoké riziko) | E5: 6,4 (vysoké riziko) | F5: 4,9 (stredné riziko) | H5: Total value | I5: 6,4 (high risk) | J5: 6,4 (high risk) | K5: 4,9 (medium risk)
C6: z toho: | H6: thereof:
C7: Počiatočná rozpočtová pozícia štrukturálneho salda a dlhu | D7: 2.8 | E7: 3.4 | F7: 1.9 | H7: Initial budgetary position of structural balance and debt | I7: =D7 -> 2.8 | J7: =E7 -> 3.4 | K7: =F7 -> 1.9
C8: z toho primárne štrukturálne saldo (-): | D8: -2.1 | E8: -2.6 | F8: -1.2 | H8: thereof the primary structural balance (-) | I8: =D8 -> -2.1 | J8: =E8 -> -2.6 | K8: =F8 -> -1.2
C9: Výdavky na penzie | D9: 0.9 | E9: 0.6 | F9: 0.6 | H9: Pension expenses | I9: =D9 -> 0.9 | J9: =E9 -> 0.6 | K9: =F9 -> 0.6
C10: Zdravotná starostlivosť | D10: 1 | E10: 0.9 | F10: 0.9 | H10: Health care | I10: =D10 -> 1 | J10: =E10 -> 0.9 | K10: =F10 -> 0.9
C11: Dlhodobá starostlivosť | D11: 1.1 | E11: 1.1 | F11: 1.1 | H11: Long-term care | I11: =D11 -> 1.1 | J11: =E11 -> 1.1 | K11: =F11 -> 1.1
C12: Výdavky na vzdelanie | D12: 0.2 | E12: 0.1 | F12: 0.1 | H12: Expenditure on education | I12: =D12 -> 0.2 | J12: =E12 -> 0.1 | K12: =F12 -> 0.1
C13: Ostatné | D13: 0.4 | E13: 0.3 | F13: 0.3 | H13: Other | I13: =D13 -> 0.4 | J13: =E13 -> 0.3 | K13: =F13 -> 0.3
F14: Zdroj: MF SR | K14: Source: MoF SR

Sheet T 5
C3: TABUĽKA 5 – Reformy a investície vychádzajúce z rámca Výročnej správy o pokroku 2026 | I3: TABLE 5 – Reforms and investments based on the framework of the 2026 Annual Progress Report
D4: Reforma/Investícia | E4: Popis opatrenia | F4: PSK | G4: CSR | J4: Reform/Investment | K4: Description of the measure | L4: PSK | M4: CSR
C6: Verejné financie | D6: Reforma 1: Zasielanie údajov z faktúr daňových subjektov (eFaktúra) | E6: Zavedenie elektronickej fakturácie a zasielania údajov z faktúr v reálnom čase má za cieľ boj proti daňovým únikom, znižovanie daňovej medzery a efektívnejší výber daní, pričom zároveň znižuje administratívnu záťaž podnikov. | F6: - | G6: CSR.2026.1 | I6: Public finances | J6: Reform 1: Submission of tax subjects’ invoice data (e-Invoice) | K6: The introduction of electronic invoicing and the real-time transmission of invoice data aims to combat tax evasion, reduce the tax gap and improve tax collection efficiency, while also reducing the administrative burden on businesses. | L6: - | M6: CSR.2026.1
D8: Reforma 2: Implementácia tvorby rozpočtu na základe scenárov nezmenených politík | E8: Cieľom opatrenia je plná implementácia rozpočtovania podľa scenárov nezmenených politík (NPC) ako východisko pri tvorbe rozpočtu verejnej správy a výdavkových limitov. NPC scenáre už dnes spresňujú prevádzkovú bázu kapitol a subjektov verejnej správy. V prípade Sociálnej poisťovne, Všeobecnej zdravotnej poisťovne, železníc, samospráv a osobných výdavkov štátneho rozpočtu slúžia aj ako priama východisková báza pre návrh rozpočtu. | F8: - | G8: CSR.2026.1 | J8: Reform 2: Implementation of scenario-based unchanged-policy budgeting | K8: The measure aims to fully implement budgeting based on unchanged-policy (NPC) scenarios as a basis for preparing the general government budget and expenditure ceilings. NPC scenarios already provide a more accurate operating baseline for budget chapters and general government entities. For the Social Insurance Agency, the General Health Insurance Company, railways, local governments and central government personnel expenditure, they also serve as a direct baseline for the budget proposal. | L8: - | M8: CSR.2026.1
D10: Reforma 3: Rozšírenie analytických kompetencií finančnej správy | E10: Rozšírenie analytických kompetencií Finančnej správy SR umožní lepšie identifikovať riziko porušovania daňových predpisov a cielene zasielať daňovým subjektom preventívne upozornenia (softwarningy), čím prispeje k efektívnejšiemu výberu DPH. | F10: - | G10: CSR.2026.1 | J10: Reform 3: Strengthening the analytical capacities of the Financial Administration | K10: Strengthening the analytical capacities of the Financial Administration of the Slovak Republic will enable better identification of the risk of tax non-compliance and the targeted issuance of preventive notifications (soft warnings) to taxpayers, thereby contributing to more effective VAT collection. | L10: - | M10: CSR.2026.1
D12: Reforma 4: Skvalitnenie elektronických služieb finančnej správy a podpora proklientského prístupu | E12: Predvyplnenie daňových priznaní bude realizované pomocou asistenta na základe spracovania údajov z potvrdenia o zdaniteľných príjmoch. Cieľom opatrenia je zjednodušiť proces podávania priznaní, znížiť chybovosť a administratívnu záťaž daňovníkov. | F12: - | J12: Reform 4: Improving the Financial Administration’s electronic services and promoting a client-oriented approach | K12: Tax returns will be pre-filled using an assistant that processes data from certificates of taxable income. The measure aims to simplify the tax return filing process, reduce errors and lower the administrative burden on taxpayers. | L12: -
C14: Zelená transformácia | D14: Reforma 5: Vodíkový ekosystém | E14: Rozvoj vodíkového ekosystému podporí energetickú bezpečnosť Slovenska a prechod na nízkouhlíkové hospodárstvo prostredníctvom výroby a využívania vodíka v priemysle, energetike a doprave. Jeho súčasťou je postupné vytváranie legislatívnych, technických a podporných podmienok v súlade s požiadavkami EÚ a národnými prioritami. | F14: PSK | G14: CSR.2026.5 | I14: Green transition | J14: Reform 5: Hydrogen ecosystem | K14: The development of the hydrogen ecosystem will support Slovakia’s energy security and transition to a low-carbon economy through the production and use of hydrogen in industry, energy and transport. This includes the gradual establishment of legislative, technical and support frameworks in line with EU requirements and national priorities. | L14: PSK | M14: CSR.2026.5
D16: Reforma 6: Aktualizácia Národnej biodiverzitnej stratégie a akčného plánu (NBSAP) do roku 2030 | E16: Cieľom aktualizovanej NBSAP je vytvoriť ucelený súbor aktivít a opatrení pre zastavenie straty biodiverzity a urýchlene prechodu na zelenú ekonomiku, ktorá efektívnejšie využíva prírodné zdroje. Tento prístup umožní efektívnejšie využívanie prírodných zdrojov, zlepší environmentálne parametre hospodárskych činností a zároveň podporí udržateľný rozvoj krajiny. | F16: - | G16: CSR.2026.5 | J16: Reform 6: Update of the National Biodiversity Strategy and Action Plan (NBSAP) to 2030 | K16: The updated NBSAP aims to establish a comprehensive set of activities and measures to halt biodiversity loss and accelerate the transition to a green economy that uses natural resources more efficiently. This approach will enable more efficient use of natural resources, improve the environmental performance of economic activities and support the country’s sustainable development. | L16: - | M16: CSR.2026.5
D18: Reforma 7: Revízia platieb a poplatkov za užívanie vôd | E18: V súlade s Koncepciou vodnej politiky sa pripravia úpravy systému platieb za užívanie vôd, ktoré podporia dôslednejšie uplatňovanie princípu „znečisťovateľ platí“ a prispeje k efektívnejšiemu riadeniu a ochrane vodných zdrojov. | F18: - | G18: CSR.2026.1 CSR.2026.5 | J18: Reform 7: Review of payments and charges for water use | K18: In line with the Water Policy Concept, adjustments to the system of payments for water use will be prepared to support the more consistent application of the “polluter pays” principle and contribute to more effective management and protection of water resources. | L18: - | M18: CSR.2026.1 CSR.2026.5
D20: Reforma 8: Zefektívnenie poskytovania podpory z Environmentálneho fondu | E20: Návrh nového zákona o Environmentálnom fonde upraví pravidlá poskytovania a použitia prostriedkov fondu s cieľom zefektívniť jeho fungovanie. Zjednodušenie postupov má umožniť pružnejšie reagovať na potreby žiadateľov a urýchliť financovanie environmentálnych projektov. | F20: - | G20: CSR.2026.5 | J20: Reform 8: Improving the efficiency of support provided by the Environmental Fund | K20: The draft new Act on the Environmental Fund will revise the rules governing the provision and use of the Fund’s resources with the aim of making its operation more efficient. Simplified procedures should allow for a more flexible response to applicants’ needs and speed up the financing of environmental projects. | L20: - | M20: CSR.2026.5
D21: Revízia platieb a poplatkov za užívanie vôd | J21: Revízia platieb a poplatkov za užívanie vôd
D22: Reforma 9: Sociálno-klimatický fond | E22: Cieľom fondu je kompenzovať sociálne dopady zavedenia obchodovania s emisiami v sektoroch budov a cestnej dopravy od roku 2028 na najzraniteľnejšie skupiny. Na čerpanie prostriedkov musí Slovensko predložiť sociálno-klimatický plán na schválenie Európskej komisii. Čerpanie bude podmienené transpozíciou všetkých príslušných častí smernice EÚ. | F22: - | G22: CSR.2026.1 CSR.2026.5 | J22: Reform 9: Social Climate Fund | K22: The Fund aims to compensate the most vulnerable groups for the social impacts of the introduction of emissions trading in the buildings and road transport sectors from 2028. To access the funding, Slovakia must submit a Social Climate Plan for approval by the European Commission. Access to funding will be conditional on the transposition of all relevant parts of the EU Directive. | L22: - | M22: CSR.2026.1 CSR.2026.5
D23: Stratégia a akčný plán odpadového hospodárstva | J23: Stratégia a akčný plán odpadového hospodárstva
D24: Investícia 1: Podpora obnoviteľných zdrojov energie a energetickej efektívnosti | E24: Cieľom je zvýšiť podiel obnoviteľných zdrojov energie a podporiť energetickú efektívnosť prostredníctvom rozvoja geotermálnej energie, výroby biometánu a vysoko účinnej kombinovanej výroby elektriny a tepla (VÚ KVET). Podpora takýchto investícií prispeje k diverzifikácii energetického mixu, efektívnejšiemu využívaniu domácich zdrojov a znižovaniu emisnej a energetickej náročnosti hospodárstva. | F24: - | G24: CSR.2026.5 | J24: Investment 1: Support for renewable energy sources and energy efficiency | K24: The measure aims to increase the share of renewable energy sources and promote energy efficiency through the development of geothermal energy, biomethane production and high-efficiency combined heat and power generation (CHP). Support for these investments will contribute to diversifying the energy mix, making more efficient use of domestic resources and reducing the emissions and energy intensity of the economy. | L24: - | M24: CSR.2026.5
D25: Zefektívnenie poskytovania podpory z Environmentálneho fondu | G25: 2025.CSR.5 | J25: Zefektívnenie poskytovania podpory z Environmentálneho fondu | M25: 2025.CSR.5
D26: Investícia 2: Zelená energia pre domácnosti a podniky | E26: Podpora inštalácie obnoviteľných zdrojov energie (OZE) sa realizuje formou poukážok pre domácnosti aj podniky: 1) Projekt Zelená domácnostiam (107,7 mil. eur) umožňuje domácnostiam získať 50 % príspevok na zelené technológie, ako napríklad tepelné čerpadlá, fotovoltika či veterné turbíny. 2) Projekt Zelená solidarita (28,4 mil. eur) je určená nízkopríjmovým domácnostiam, ktoré môžu získať až 90 % podporu na fotovoltiku, kolektory a biomasu. 3) Projekt Zelená podnikom (66,6 mil. eur) poskytuje podporu MSP na zariadenia na výrobu tepla, chladu či elektriny, ako aj na energetické audity s návrhmi úspor a využitia OZE. | F26: PSK | G26: CSR.2026.5 | J26: Investment 2: Green energy for households and businesses | K26: Support for the installation of renewable energy sources (RES) is provided through vouchers for households and businesses: (1) The Green Households project (EUR 107.7 million) enables households to receive a 50% contribution towards green technologies such as heat pumps, photovoltaic systems and wind turbines. (2) The Green Solidarity project (EUR 28.4 million) targets low-income households, which can receive support of up to 90% for photovoltaic systems, solar collectors and biomass. (3) The Green for Businesses project (EUR 66.6 million) provides SMEs with support for equipment used to generate heat, cooling and electricity, as well as for energy audits that identify potential savings and opportunities to use RES. | L26: PSK | M26: CSR.2026.5
G27: 2025.CSR.5 | M27: 2025.CSR.5
D28: Investícia 3: Posilňovanie kapacít a dátovej infraštruktúry pre regionálnu energetiku | E28: Projekt Rozšírenie informačného systému energetickej efektívnosti podporuje nástroje na zber, analýzu a využitie dát z rôznych sektorov na kvalifikované energetické a dekarbonizačné plánovanie v regiónoch. | F28: PSK | G28: CSR.2026.5 | J28: Investment 3: Strengthening capacities and data infrastructure for regional energy management | K28: The Expansion of the Energy Efficiency Information System project supports tools for collecting, analysing and using data from various sectors to enable informed energy and decarbonisation planning at regional level. | L28: PSK | M28: CSR.2026.5
G29: 2025.CSR.5 | M29: 2025.CSR.5
D30: Investícia 4: Znižovanie energetickej náročnosti verejných budov | E30: Cieľom výziev Slovenskej inovačnej a energetickej agentúry (SIEA) je obnova verejných budov so zameraním na energetickú efektívnosť, vrátane možnosti integrácie OZE a zelených adaptačných opatrení. Opatrenie podporí zníženie energetickej náročnosti budov, zlepšenie ich environmentálnych parametrov a príspevok k plneniu klimatických cieľov. | F30: PSK | G30: CSR.2026.5 | J30: Investment 4: Reducing the energy intensity of public buildings | K30: Calls launched by the Slovak Innovation and Energy Agency (SIEA) support the renovation of public buildings, focusing on energy efficiency, including the potential integration of renewable energy sources and green adaptation measures. The measure will help reduce the energy intensity of buildings, improve their environmental performance and contribute to achieving climate objectives. | L30: PSK | M30: CSR.2026.5
G31: 2025.CSR.5 | M31: 2025.CSR.5
D32: Investícia 5: Schéma štátnej pomoci na dekarbonizáciu priemyslu | E32: Zámerom schémy Modernizačného fondu je prispieť k zníženiu emisií skleníkových plynov cez podporu projektov, ktoré povedú k úsporám primárnej energie, zníženiu konečnej spotreby energie a zavedú používanie vyspelých environmentálnych technológií do priemyselnej výroby. | F32: - | G32: CSR.2026.5 | J32: Investment 5: State aid scheme for industrial decarbonisation | K32: The Modernisation Fund scheme aims to reduce greenhouse gas emissions by supporting projects that deliver primary energy savings, reduce final energy consumption and introduce advanced environmental technologies into industrial production. | L32: - | M32: CSR.2026.5
D37: Investícia 6: Podpora udržateľnej dopravy | E37: Z Programu Slovensko bola na podporu udržateľnej multimodálnej mestskej mobility vyčlenená alokácia 891 mil. eur. Na rozvoj železničnej verejnej osobnej dopravy bude smerovať 686 mil. eur. Ďalšie prostriedky z fondov EÚ sú vyčlenené na rozvoj vodnej, ako aj cestnej dopravy. | F37: PSK | G37: CSR.2026.5 | J37: Investment 6: Support for sustainable transport | K37: Under the Slovakia Programme, EUR 891 million has been allocated to support sustainable multimodal urban mobility. A further EUR 686 million will be directed towards the development of rail passenger transport. Additional EU funding has been allocated to the development of waterborne and road transport. | L37: PSK | M37: CSR.2026.5
C40: Vzdelávanie | D40: Reforma 10 Posilnenie inklúzie a desegregácie vo vzdelávaní | E40: Pokračujúce projekty majú zlepšiť inkluzívnosť a dostupnosť vzdelávania detí zo znevýhodneného prostredia a žiakov so špeciálnymi výchovno-vzdelávacími potrebami. Zahŕňajú pilotné overovanie desegregačných postupov, podporu prechodu žiakov zo špeciálneho do bežného vzdelávania a vytvorenie a overenie systému včasného varovania na prevenciu predčasného ukončenia školskej dochádzky. | F40: PSK | G40: CSR.2026.6 | I40: Education | J40: Reform 10: Strengthening inclusion and desegregation in education | K40: Ongoing projects aim to improve the inclusiveness and accessibility of education for children from disadvantaged backgrounds and pupils with special educational needs. They include pilot testing of desegregation approaches, support for the transition of pupils from special to mainstream education, and the development and testing of an early warning system to prevent early school leaving. | L40: PSK | M40: CSR.2026.6
D43: Reforma 11: Akčný plán informatizácie a digitálnej transformácie vzdelávania v SR na obdobie 2025 – 2027 | E43: Cieľom Akčného plánu je modernizácia slovenského školstva prostredníctvom systematickej digitalizácie vzdelávacieho prostredia. Plán nadväzuje na Program informatizácie školstva do roku 2030 a je súčasťou širšej Stratégie digitálnej transformácie Slovenska do roku 2030. Zameriava sa na zavedenie jednotných štandardov digitálneho vybavenia pre všetky úrovne škôl. Zároveň podporuje udržateľnú digitalizáciu škôl, rozvoj digitálnych zručností, zavádzanie asistenčných technológií a prístupnosť elektronických výstupov. | F43: PSK | G43: CSR.2026.6 | J43: Reform 11: Action Plan for the Digitalisation and Digital Transformation of Education in the Slovak Republic for 2025–2027 | K43: The Action Plan aims to modernise Slovak education through the systematic digitalisation of the educational environment. It builds on the Education Digitalisation Programme to 2030 and forms part of the broader Digital Transformation Strategy of Slovakia to 2030. It focuses on introducing uniform standards for digital equipment across all levels of education. It also supports the sustainable digitalisation of schools, the development of digital skills, the introduction of assistive technologies and the accessibility of electronic outputs. | L43: PSK | M43: CSR.2026.6
D45: Reforma 12: Podpora inovácií vo vzdelávaní | E45: Cieľom opatrenia je rozšíriť overené inovatívne vzdelávacie prístupy do škôl cez stabilný mechanizmus spolupráce so strategickými partnermi a financovanie na ich systematickú implementáciu. | F45: - | G45: CSR.2026.6 | J45: Reform 12: Supporting innovation in education | K45: The measure aims to expand proven innovative educational approaches across schools through a stable mechanism for cooperation with strategic partners and funding for their systematic implementation. | L45: - | M45: CSR.2026.6
D48: Reforma 13: Optimalizácia siete škôl a školských zariadení pre potreby 21. storočia | E48: Optimalizácia má zvýšiť efektívnosť, účelnosť a kvalitu vzdelávania v regionálnom školstve. Pokračovať bude implementácia nových pravidiel fungovania siete škôl vrátane prípravy metodiky racionalizačných opatrení a podpory zriaďovateľov pri optimalizácii siete. | F48: - | G48: CSR.2026.1 CSR.2026.6 | J48: Reform 13: Optimisation of the network of schools and educational facilities for the needs of the 21st century | K48: Optimisation aims to increase the efficiency, effectiveness and quality of education in regional schooling. The implementation of the new rules governing the school network will continue, including the preparation of a methodology for rationalisation measures and support for school founders in optimising the network. | L48: - | M48: CSR.2026.1 CSR.2026.6
D50: Reforma 14 Investícia 7: Podpora a optimalizácia špeciálnych výchovných zariadení (ŠVZ) | E50: Pokračuje implementácia reformy výchovných zariadení a investície do zlepšovania ich podmienok. Opatrenia zahŕňajú rekonštrukcie a modernizáciu infraštruktúry, posilňovanie odborného personálu a zavádzanie nových štandardov do praxe. | F50: - | G50: CSR.2026.6 | J50: Reform 14 Investment 7: Support and optimisation of special educational facilities | K50: The implementation of the reform of educational facilities and investments to improve their conditions are continuing. Measures include the reconstruction and modernisation of infrastructure, strengthening professional staff capacities and introducing new standards into practice. | L50: - | M50: CSR.2026.6
D52: Reforma 15: Zabezpečenie kapacít pre digitálnu transformáciu v základných školách | E52: Cieľom opatrenia je zabezpečiť udržateľnosť digitálnej transformácie základných škôl stabilizáciou pozície digitálneho koordinátora a legislatívnym ukotvením správcu školskej siete. Opatrenie prispeje k systematickému rozvoju digitálnych kompetencií, efektívnej správe digitálnej infraštruktúry a lepšiemu využívaniu technológií vo vzdelávacom procese. | F52: PSK | G52: CSR.2026.4 CSR.2026.6 | J52: Reform 15: Ensuring capacity for the digital transformation of primary schools | K52: The measure aims to ensure the sustainability of the digital transformation of primary schools by stabilising the position of the digital coordinator and establishing the role of the school network administrator in legislation. It will contribute to the systematic development of digital competences, more efficient management of digital infrastructure and better use of technology in the educational process. | L52: PSK | M52: CSR.2026.4 CSR.2026.6
D54: Investícia 8: Budovanie digitálnej infraštruktúry škôl | E54: Pokračuje budovanie digitálnej infraštruktúry škôl a postupné pripájanie školských sietí k národnému centrálnemu uzlu, ktorý zabezpečuje ich centrálnu správu, bezpečnosť a dlhodobú prevádzku. | F54: PSK | G54: CSR.2026.6 | J54: Investment 8: Development of schools’ digital infrastructure | K54: The development of schools’ digital infrastructure and the gradual connection of school networks to a national central hub are ongoing. The hub ensures the central management, security and long-term operation of school networks. | L54: PSK | M54: CSR.2026.6
C57: Produktivita | D57: Reforma 16: Priemyselná politika Slovenskej republiky 2027-2035 | E57: Plánovaný strategický dokument má reagovať na geopolitické zmeny a nové legislatívne iniciatívy ovplyvňujúce konkurencieschopnosť Slovenska. Zameria sa na analýzu priemyselného potenciálu, potrieb a výziev. Priemyselná stratégia nadviaže na správu Maria Draghiho a Dohodu o čistom priemysle so zreteľom na národné hospodárstvo a geopolitickú odolnosť. | F57: - | G57: CSR.2026.3 CSR.2026.5 | I57: Productivity | J57: Reform 16: Industrial Policy of the Slovak Republic 2027–2035 | K57: The planned strategic document will respond to geopolitical changes and new legislative initiatives affecting Slovakia’s competitiveness. It will focus on analysing the potential, needs and challenges of industry. The Industrial Strategy will build on Mario Draghi’s report and the Clean Industrial Deal, taking into account the national economy and geopolitical resilience | L57: - | M57: CSR.2026.3 CSR.2026.5
D59: Reforma 17: Investičný plán Slovensko | E59: Cieľom vznikajúceho plánu je posilniť stabilitu investičného prostredia, zlepšiť prípravu na nové programové obdobie a zefektívniť využívanie investičných zdrojov. Plán má zároveň poskytovať prehľadné a aktutálne informácie o stave prípravy a realizácie prioritných investičných projektov pre dlhodobý rozvoj Slovenska zo všetkých dostupných zdrojov. | F59: - | G59: CSR.2026.2 | J59: Reform 17: Investment Plan Slovakia | K59: The aim of the plan under preparation is to strengthen the stability of the investment environment, improve preparations for the new programming period and make the use of investment resources more efficient. The plan should also provide clear and up-to-date information on the preparation and implementation of priority investment projects for Slovakia’s long-term development across all available funding sources. | L59: - | M59: CSR.2026.2
D61: Reforma 18: Plnenie Akčného plánu Národnej stratégie výskumu, vývoja a inovácií na roky 2026 – 2028 | E61: Implementácia aktualizovaného akčného plánu sa zameriava na podporu firemného výskumu a vývoja, rozvoj strategických iniciatív v oblastiach ako robotika a umelá inteligencia a posilnenie inovačného ekosystému vrátane prelomového výskumu a transferu poznatkov do praxe. | F61: PSK | G61: CSR.2026.4 CSR.2026.5 | J61: Reform 18: Implementation of the Action Plan of the National Research, Development and Innovation Strategy for 2026–2028 | K61: Implementation of the updated Action Plan focuses on supporting business research and development, developing strategic initiatives in areas such as robotics and artificial intelligence, and strengthening the innovation ecosystem, including breakthrough research and the transfer of knowledge into practice. | L61: PSK | M61: CSR.2026.4 CSR.2026.5
D63: Reforma 19: Plnenie Akčného plánu NKIVS | E63: Akčný plán Národnej koncepcie informatizácie verejnej správy (NKIVS) podporuje napĺňanie cieľov informatizácie verejnej správy prostredníctvom troch pilierov: digitálnej transformácie, využívania dát vo verejnej správe a otvoreného e-Governmentu. Realizácia opatrení prispeje k modernizácii verejnej správy, efektívnejšiemu využívaniu dát a rozvoju digitálnych verejných služieb. | F63: PSK | G63: CSR.2026.3 | J63: Reform 19: Implementation of the Action Plan of the National Concept of Public Administration Informatization | K63: The Action Plan of the National Concept of Public Administration Informatization supports the achievement of public administration digitalisation objectives through three pillars: digital transformation, the use of data in public administration and open e-Government. Implementation of the measures will contribute to modernising public administration, improving the use of data and developing digital public services. | L63: PSK | M63: CSR.2026.3
D68: Reforma 20: Zlepšenie dostupnosti a kvality verejnej dopravy | E68: Opatrenie smeruje k zlepšeniu dostupnosti a kvality verejnej dopravy, najmä v menej osídlených oblastiach, prostredníctvom zavádzania dopytovej dopravy, uplatňovania upravených pravidiel náhradnej dopravy pri výlukách a postupného napĺňania štandardov pre autobusové stanice a zastávky. Súčasťou je aj digitalizácia agendy verejnej dopravy prostredníctvom centrálnych databáz povolení a zastávok, čo prispeje k efektívnejšiemu spravovaniu príslušných konaní. | F68: PSK | G68: CSR.2026.3 CSR.2026.5 | J68: Reform 20: Improving the availability and quality of public transport | K68: The measure aims to improve the availability and quality of public transport, particularly in less densely populated areas, through the introduction of demand-responsive transport, revised rules for replacement transport during service disruptions, and the gradual implementation of standards for bus stations and stops. It also includes the digitalisation of public transport administration through central databases of permits and stops, contributing to more efficient management of the relevant administrative procedures. | L68: PSK | M68: CSR.2026.3 CSR.2026.5
D69: Reforma 21: Zvýšenie bezpečnosti železničnej dopravy | E69: Implementácia európskeho vlakového zabezpečovacieho systému (ETCS) na vybraných traťových úsekoch Železníc SR posilní bezpečnosť železničnej dopravy a zníži riziko mimoriadnych udalostí súvisiacich s ľudským faktorom. Vychádza z akčného plánu zvýšenia bezpečnosti železničnej dopravy a zároveň podporí interoperabilitu železničnej siete SR a jej zapojenie do jednotného európskeho železničného priestoru. | F69: PSK | G69: CSR.2026.5 | J69: Reform 21: Increasing the safety of rail transport | K69: The implementation of the European Train Control System (ETCS) on selected sections of the Železnice Slovenskej republiky rail network will strengthen rail safety and reduce the risk of incidents related to human error. It builds on the Action Plan for Improving Rail Transport Safety and will also support the interoperability of Slovakia’s rail network and its integration into the Single European Railway Area. | L69: PSK | M69: CSR.2026.5
D70: Reforma 22: Vnútroštátny plán Digitálnej dekády SR | E70: Vnútroštátny plán Digitálnej dekády SR predstavuje rámec pre koordináciu aktivít Slovenska pri napĺňaní digitálnych cieľov EÚ. Realizácia opatrení podporí rozvoj digitálnych zručností, digitalizáciu verejných a spoločenských oblastí a vytváranie podmienok pre dosahovanie cieľov Digitálnej dekády na národnej úrovni. | F70: PSK | G70: CSR.2026.3 CSR.2026.4 CSR.2026.6 | J70: Reform 22: National Digital Decade Roadmap of the Slovak Republic | K70: The National Digital Decade Roadmap of the Slovak Republic provides a framework for coordinating Slovakia’s activities to achieve the EU’s digital objectives. Implementation of the measures will support the development of digital skills, the digitalisation of public and social sectors, and the creation of conditions for achieving the Digital Decade objectives at national level. | L70: PSK | M70: CSR.2026.3 CSR.2026.4 CSR.2026.6
D71: Investícia 9: Podpora inovácií, rozvoja a internacionalizácie podnikov | E71: Zámerom opatrenia je poskytnúť podnikom podporu na zvýšenie ich konkurencieschopnosti: 1) Podpora inovácií. 2) Podpora internacionalizácie a rozvoja MSP. 3) Podpora investícií v podnikoch prostredníctvom finančných nástrojov. | F71: PSK | G71: CSR.2026.4 CSR.2026.5 | J71: Investment 9: Support for innovation, development and internationalisation of businesses | K71: The aim of the measure is to provide support to businesses to increase their competitiveness: 1. Support for innovation. 2. Support for internationalisation and SME development. 3. Support for business investment through financial instruments. | L71: PSK | M71: CSR.2026.4 CSR.2026.5
C72: Trh práce, sociálne veci a bývanie | D72: Reforma 23: Rozvoj zručností pre potreby trhu práce | E72: Prvý národný projekt (30 mil. eur) posilní úlohu Aliancie sektorových rád pri predikcii potrieb trhu a nedostatkových profesií. Druhý (42,9 mil. eur) podporí rozvoj zručností a rekvalifikáciu uchádzačov a záujemcov o zamestnanie vrátane mladých do 30 rokov v situácii NEET. | F72: PSK | G72: CSR.2026.6 | I72: Labour market, social affairs and housing | J72: Reform 23: Developing skills to meet labour market needs | K72: The first national project (EUR 30 million) will strengthen the role of the Alliance of Sectoral Councils in forecasting labour market needs and shortages of specific occupations. The second project (EUR 42.2 million) will support skills development and retraining of jobseekers and people interested in employment, particularly young people under 30 who are NEET. | L72: PSK | M72: CSR.2026.6
D73: Investícia 10: Šanca na návrat 2 | E73: Zámerom projektu (18 mil. eur) je resocializácia a posilnenie kompetencií odsúdených s cieľom ich začlenenia do spoločnosti. Projekt nadväzuje na predošlú iniciatívu (Šanca na návrat 1) a odsúdeným ponúka komplexnú podporu (napr. informačno-poradenské služby a vzdelávanie) na zníženie rizika sociálneho vylúčenia a zlepšenie uplatnenia na trhu práce. | F73: PSK | G73: CSR.2026.6 | J73: Investment 10: Chance for Return 2 | K73: The project (EUR 18 million) aims to support the resocialisation of prisoners and strengthen their competences to facilitate their reintegration into society. It builds on the previous initiative, Chance for Return 1, and offers prisoners comprehensive support, including information and counselling services and education, to reduce the risk of social exclusion and improve their employability. | L73: PSK | M73: CSR.2026.6
D74: Investícia 11: Rozšírenie ponuky nájomného bývania | E74: Cieľom implementácie zákona o štátnej podpore nájomného bývania je zvýšiť dostupnosť cenovo prístupného bývania prostredníctvom súkromných investícií. Dôležitú úlohu pritom zohráva Agentúra štátom podporovaného nájomného bývania, ktorá schvaľuje projekty a dohliada na ich realizáciu. | F74: - | G74: CSR.2026.1 | J74: Investment 11: Expanding the supply of rental housing | K74: Implementation of the Act on State-Supported Rental Housing aims to increase the availability of affordable housing through private investment. The Agency for State-Supported Rental Housing plays an important role by approving projects and overseeing their implementation. | L74: - | M74: CSR.2026.1
D75: Investícia 12: Podpora starostlivosti v ranom detstve | E75: Opatrenie (vyše 40 mil. eur) má zlepšiť dostupnosť a kvalitu starostlivosti o deti do troch rokov. Podporí sa budovanie infraštruktúry zariadení starostlivosti o deti do troch rokov (jaslí), posilňovanie personálnych kapacít v jasliach a rozvíjanie rodičovských zručností rodičov detí v ranom veku, najmä zo sociálne znevýhodneného prostredia. Podpora sa realizuje formou dopytových výziev z PSK. | F75: PSK | G75: CSR.2026.6 | J75: Investment 12: Supporting early childhood care | K75: The measure (over EUR 40 million) aims to improve the availability and quality of childcare for children under three years of age. It supports the development of childcare infrastructure for children under three (nurseries), the strengthening of staffing capacities in nurseries, and the development of parenting skills among parents of young children, particularly those from socially disadvantaged backgrounds. Support is provided through demand-driven calls under the Slovakia Programme. | L75: PSK | M75: CSR.2026.6
D76: Investícia 13: Podpora sociálneho začlenenia a bývania | E76: 1) Podpora prevencie pred stratou bývania a ukončovania bezdomovstva sa zameriava na dostupné a udržateľné bývanie pre zraniteľné skupiny prostredníctvom housing-led prístupov v kombinácii so sociálnou podporou. 2) Národný projekt Terénna sociálna práca a komunitné centrá (250 mil. eur) poskytuje individualizovanú pomoc osobám ohrozeným chudobou a sociálnym vylúčením. | F76: PSK | G76: CSR.2026.1 CSR.2026.6 | J76: Investment 13: Supporting social inclusion and housing | K76: (1) Support for preventing housing loss and ending homelessness focuses on providing accessible and sustainable housing for vulnerable groups through housing-led approaches combined with social support. (2) The national project Field Social Work and Community Centres (EUR 250 million) provides individualised assistance to people at risk of poverty and social exclusion. | L76: PSK | M76: CSR.2026.1 CSR.2026.6
C77: Kvalita inštitúcií | D77: Reforma 24: Zavedenie registra užívacích vzťahov k poľnohospodárs-kym pozemkom | E77: Register užívacích vzťahov k pozemkom má byť dočasným riešením problémov vyplývajúcich z rozdrobenosti a nesúladu pozemkového vlastníctva v SR s cieľom zvýšiť transparentnosť užívania pôdy a zjednodušiť zdieľanie údajov medzi štátnymi inštitúciami prostredníctvom evidencie jej skutočných užívateľov. | F77: - | G77: CSR.2026.3 | I77: Quality of institutions | J77: Reform 24: Establishment of a register of land-use relationships for agricultural land | K77: The register of land-use relationships is intended as a temporary solution to problems arising from fragmented and inconsistent land ownership in the Slovak Republic. It aims to increase the transparency of land use and simplify data sharing between state institutions by recording the actual users of agricultural land. | L77: - | M77: CSR.2026.3
D80: Reforma 25: Zabezpečenie priameho prístupu Policajného zboru do špecifických evidencií štátnych orgánov | E80: Na zefektívnenie vyšetrovania prípadov legalizácie výnosov z trestnej činnosti sa v súlade so smernicou EÚ zavedie online prístup Policajného zboru do vybraných štátnych databáz. Tento krok umožní rýchlejšie získavanie relevantných informácií, zlepší koordináciu medzi orgánmi činnými v trestnom konaní a prispeje k zvýšeniu účinnosti odhaľovania a vyšetrovania finančnej kriminality. | F80: - | G80: CSR.2026.3 | J80: Reform 25: Ensuring direct access for the Police Force to specific records of state authorities | K80: To improve the efficiency of investigations into money laundering, online access for the Police Force to selected state databases will be introduced in accordance with the EU Directive. This will enable faster access to relevant information, improve coordination between law enforcement authorities and contribute to more effective detection and investigation of financial crime. | L80: - | M80: CSR.2026.3
D82: Investícia 14: Modernizácia informačných systémov na zefektívnenie medzinárodnej policajnej spolupráce | E82: Na posilnenie boja proti medzinárodnej trestnej činnosti sa modernizujú informačné systémy policajnej spolupráce a pátrania vrátane prepojenia na databázu INTERPOL-u. | F82: - | G82: CSR.2026.3 | J82: Investment 14: Modernisation of information systems to improve international police cooperation | K82: To strengthen efforts to combat international crime, information systems used for police cooperation and investigations are being modernised, including through connection to the INTERPOL database. | L82: - | M82: CSR.2026.3
C84: Zdravotníctvo | D84: Reforma 26: Katalóg výkonov pre špecializovanú ambulantnú starostlivosť (ŠAS) | E84: Pokračuje zavádzanie nového zoznamu zdravotných výkonov pre ŠAS. Zoznam dopĺňa chýbajúce výkony a pri ich ohodnotení zohľadňuje medicínsko-ekonomickú náročnosť. Reforma má prispieť k spravodlivejšiemu odmeňovaniu poskytovateľov zdravotnej starostlivosti a k zlepšeniu dostupnosti špecializovaných služieb pre pacientov. | F84: - | G84: CSR.2026.6 | I84: Healthcare | J84: Reform 26: Catalogue of procedures for specialised outpatient care | K84: The implementation of the new list of healthcare procedures for specialised outpatient care is continuing. The list adds previously missing procedures and takes their medical and economic complexity into account when determining their valuation. The reform is intended to contribute to fairer remuneration of healthcare providers and improve patients’ access to specialised services. | L84: - | M84: CSR.2026.6
C86: Obrana | D86: Investícia 15: Posilnenie obranných kapacít | E86: Dlhodobý plán rozvoja obrany do roku 2035 sa zameriava na modernizáciu vojenského vybavenia SR, vrátane bojových a nákladných vozidiel či protivzdušnej obrany, s cieľom vybudovať ťažkú mechanizovanú brigádu a posilniť spôsobilosti v rámci NATO. | F86: - | G86: CSR.2026.1 | I86: Defence | J86: Investment 15: Strengthening defence capabilities | K86: The Long-Term Defence Development Plan to 2035 focuses on modernising the military equipment of the Slovak Republic, including combat and logistics vehicles and air defence systems, with the aim of establishing a heavy mechanised brigade and strengthening Slovakia’s capabilities within NATO. | L86: - | M86: CSR.2026.1

Sheet Hárok2
C2: TABUĽKA 4 – Reformy a investície vychádzajúce z rámca Výročnej správy o pokroku 2025
D4: Reforma/Investícia | E4: Popis opatrenia | F4: POO/PSK | G4: CSR
C5: Verejné financie | D5: Reforma 1: Konsolidačné opatrenia na príjmoch | E5: Konsolidačné opatrenia na príjmovej strane sú rozpočtované na úrovni 1,2 mld. eur v roku 2026. Súčasťou opatrení je zvýšenie zdravotných odvodov o 1 p.b. a zvýšenie minimálnych odvodov pre živnostníkov (621 mil. eur). Zvýšenie progresivity zdanenia (216 mil. eur) prinesie nové daňové pásma DPFO a vyššiu daňovú licenciu pre podniky. V rámci boja proti daňovým únikom (196 mil. eur) sa obmedzí odpočet DPH (do 50 %) na firemné vozidlá využívané na súkromné účely, zavedie sa nový osobitný vymeriavací základ pre všetkých SZČO a jednorazová daňová amnestia na nezaplatené dane z minulosti. Zdanenie negatívnych externalít (169 mil. eur) obsahuje základnú sadzbu DPH na sladké a slané potraviny, vyššie zdanenie hazardu a úhradu za prvotné materiály. | F5: - | G5: 2025.CSR.1
D7: Reforma 2: Úspora na štátnom aparáte | E7: Úspora 1,1 mld. eur v roku 2026 sa dosiahne najmä prostredníctvom opatrení na optimalizáciu výdavkov verejnej správy. V rámci výdavkov na mzdy a prevádzku sa bude klásť dôraz na efektívne využívanie existujúcich zdrojov a racionalizáciu personálnych kapacít. Výdavky kapitol budú riadené s cieľom posilniť hospodárnosť a zabezpečiť priestor pre prioritné politiky vlády. Investičné výdavky budú smerované prednostne do nevyhnutných a strategických projektov, pričom samosprávy prispejú k celkovému úsiliu o efektívnejšie fungovanie verejnej správy úsporou 10 % z nákladov na riadenie. | F7: - | G7: 2025.CSR.1
D9: Reforma 3: Konsolidačné opatrenia na výdavkoch | E9: Dodatočná úspora 152 mil. eur v roku 2026 pozostáva z dočasného trojročného zamrazenia súm 13. dôchodkov na úrovni roku 2025 (34 mil. eur), zrušenia štátnych príspevkov do druhého piliera za poistencov štátu (48 mil. eur), predĺženia obdobia náhrady mzdy zamestnávateľom z 10 na 14 dní počas práceneschopnosti (25 mil. eur), zníženia podpory v nezamestnanosti po treťom mesiaci (24 mil. eur), lepšieho cielenia kontrolnej posudkovej činnosti počas poberania PN (13 mil. eur) a ukončenia procesu poskytovania pomoci s hypotekárnymi splátkami prostredníctvom ÚPSVaR (8 mil. eur), pričom samotná pomoc zostáva zachovaná. | F9: - | G9: 2025.CSR.1
D11: Reforma 4: Opatrenia zamerané na podporu ekonomiky | E11: Opatrenia v objeme 230 mil. eur pre rok 2026 zahŕňajú dočasné zrušenie 2 dní pracovného pokoja a trvalé zrušenie jedného dňa, ako aj zrušenie zákazu predaja počas niektorých štátnych sviatkov. | F11: - | G11: 2025.CSR.3
D13: Reforma 6: Zasielanie údajov z faktúr daňových subjektov (eFaktúra) | E13: Zavedenie elektronickej fakturácie a zasielania údajov z faktúr v reálnom čase má za cieľ boj proti daňovým únikom, znižovanie daňovej medzery a efektívnejší výber daní, pričom zároveň znižuje administratívnu záťaž podnikov. | F13: - | G13: 2025.CSR.1 2025.CSR.4
D15: Reforma 7: Implementácia tvorby rozpočtu na základe scenárov nezmenených politík | E15: Cieľom opatrenia je plná implementácia rozpočtovania podľa scenárov nezmenených politík (NPC) ako východisko pri tvorbe rozpočtu verejnej správy a výdavkových limitov. NPC scenáre už dnes spresňujú prevádzkovú bázu kapitol a subjektov verejnej správy. V prípade Sociálnej poisťovne, Všeobecnej zdravotnej poisťovne, železníc, samospráv a osobných výdavkov štátneho rozpočtu slúžia aj ako priama východisková báza pre návrh rozpočtu. | F15: - | G15: 2025.CSR.1
D17: Reforma 8: Pripraviť návrh novely ústavného zákona o rozpočtovej zodpovednosti (úprava dlhovej brzdy) | E17: Novela dlhovej brzdy je potrebná pre zabezpečenie predvídateľnej fiškálnej politiky. Bez jej prijatia by vláda SR musela na rok 2027 pripraviť vyrovnaný rozpočet, čo by znamenalo náhlu a nadmerne reštriktívnu fiškálnu politiku s možným negatívnym dopadom na hospodársky rast. | F17: - | G17: 2025.CSR.1
D21: Reforma 9: Zlepšenie efektívnosti výberu DPH | E21: Legislatívne definovanie daňového podvodu v kombinácii so softwarningovými upozorneniami v štýle "trikrát a dosť" umožní jednoduchšie vyhodnotenie účasti na podvode a podporí psychologický efekt plnenia daňových povinností. | F21: - | G21: 2025.CSR.1
D23: Reforma 10: Zefektívnenie procesov vymáhania daňových nedoplatkov | E23: Zákon o správe daní sa novelizuje s cieľom zvýšiť efektivitu vymáhania nedoplatkov zavedením inovatívnych zákonných nástrojov a modernizáciou tých existujúcich. Opatrenie prispeje k zrýcheniu postupov pri vymáhaní, zlepší spoluprácu medzi orgánmi verejnej správy a posilní využívanie digitálnych riešení. | F23: - | G23: 2025.CSR.1
D25: Reforma 11: Skvalitnenie elektronických služieb finančnej správy a podpora proklientského prístupu | E25: Zavedenie QR kódov v dokumentoch štátnych inštitúcií má za cieľ zjednodušiť platby, eliminovať manuálne zadávanie údajov, znížiť chybovosť a zvýšiť spokojnosť používateľov vďaka efektívnejšiemu procesu. | F25: - | G25: 2025.CSR.1 2025.CSR.4
E27: Predvyplnenie daňových priznaní bude realizované pomocou asistenta na základe spracovania údajov z potvrdenia o zdaniteľných príjmoch. Cieľom opatrenia je zjednodušiť proces podávania priznaní, znížiť chybovosť a administratívnu záťaž daňovníkov.
C29: Zelená transformácia | D29: Reforma 12: Vodíkový ekosystém | E29: Opatrením sa posilní energetická bezpečnosť Slovenska a urýchli prechod na nízkouhlíkové hospodárstvo integrovaným využívaním vodíka, pričom prioritou bude legislatívna úprava a harmonizácia technických noriem v súlade s požiadavkami EÚ a národnými prioritami. | F29: - | G29: 2025.CSR.5
D31: Reforma 13: Ochrana prírody | E31: Cieľom opatrenia je posilniť ochranu prírodu prostredníctvom vypracovania modelu chránených území so zameraním na účinnú zonáciu národných parkov. Opatrenie prispeje k lepšej správe prírodných zdrojov, zachovaniu biodiverzity a zabezpečeniu udržateľného využívania území. | F31: RRP SK-C[C5]-R[R2] | G31: 2025.CSR.2 2025.CSR.5
D33: Reforma 14: Aktualizácia Národnej biodiverzitnej stratégie a akčného plánu (NBSAP) do roku 2030 | E33: Cieľom aktualizovanej NBSAP je vytvoriť ucelený súbor aktivít a opatrení pre zastavenie straty biodiverzity a urýchlene prechodu na zelenú ekonomiku, ktorá efektívnejšie využíva prírodné zdroje. Tento prístup umožní efektívnejšie využívanie prírodných zdrojov, zlepší environmentálne parametre hospodárskych činností a zároveň podporí udržateľný rozvoj krajiny. | F33: - | G33: 2025.CSR.5
D35: Reforma 15: Revízia platieb a poplatkov za užívanie vôd | E35: V súlade s Koncepciou vodnej politiky sa zavedie nový systém platieb za vodohospodárske služby, ktorý podporí dôslednejšie uplatňovanie princípu „znečisťovateľ platí“ a prispeje k efektívnejšiemu riadeniu a ochrane vodných zdrojov. | F35: - | G35: 2025.CSR.5
D36: Revízia platieb a poplatkov za užívanie vôd
D37: Reforma 16: Stratégia a akčný plán odpadového hospodárstva | E37: Stratégia a akčný plán určia ciele a opatrenia v oblasti odpadového hospodárstva na obdobie 10 až 15 rokov, so zameraním na zvýšenie recyklácie a zníženie skládkovania komunálneho odpadu. Dokument podporuje efektívnejšie a udržateľnejšie nakladanie s odpadom, zlepšenie environmentálnych štandardov a prispieva k napĺňaniu cieľov obehového hospodárstva. | F37: - | G37: 2025.CSR.5
D38: Stratégia a akčný plán odpadového hospodárstva
D39: Reforma 17: Zefektívnenie poskytovania podpory z Environmentálneho fondu | E39: Novelizácia zákona o Environmentálnom fonde prispeje k zvýšeniu efektivity jeho fungovania a umožní pružnejšie reagovať na potreby a požiadavky príjemcov finančnej podpory. Opatrenie podporí lepšiu koordináciu a využitie dostupných prostriedkov pri financovaní environmentálnych projektov. | F39: - | G39: 2025.CSR.1 2025.CSR.5
D40: Zefektívnenie poskytovania podpory z Environmentálneho fondu | G40: 2025.CSR.5
D41: Reforma 18: Sociálno-klimatický fond | E41: Cieľom fondu je kompenzovať sociálne dopady zavedenia obchodovania s emisiami v sektoroch budov a cestnej dopravy od roku 2027 na najzraniteľnejšie skupiny. Členské štáty musia na čerpanie prostriedkov predložiť do konca júna 2025 sociálno-klimatický plán. Vykonávanie fondu je plánované na roky 2026 až 2032 a jeho čerpanie bude podmienené transpozíciou všetkých častí smernice EÚ. | F41: - | G41: 2025.CSR.1 2025.CSR.5
G42: 2025.CSR.5
D43: Investícia 1: Výstavba nových obnoviteľných zdrojov elektrickej energie | E43: Opatrenie má za cieľ vybudovať minimálne 120 MW nových kapacít na výrobu elektriny z obnoviteľných zdrojov energie v rámci stanovenej schémy podpory, čím prispeje k zvýšeniu podielu obnoviteľnej energie v energetickom mixe a k plneniu klimatických cieľov. | F43: POO SK-C[C1]-I[I1] | G43: 2025.CSR.2 2025.CSR.5
D45: Investícia 2: Modernizácia zelenej železničnej infraštruktúry pre osobnú dopravu | E45: Opatrenie je zamerané na rekonštrukciu a modernizáciu ekologickej železničnej infraštruktúry pre osobnú dopravu v minimálnom rozsahu 49,7 km, s cieľom zvýšiť jej efektívnosť, spoľahlivosť a environmentálnu udržateľnosť. | F45: POO SK-C[C3]-I[I1] | G45: 2025.CSR.2 2025.CSR.5
D47: Investícia 3: Zelená energia pre domácnosti a podniky | E47: Podpora inštalácie OZE sa realizuje formou poukážok pre domácnosti aj podniky: 1) Projekt Zelená domácnostiam (107,7 mil. eur) umožňuje domácnostiam získať 50 % príspevok na zelené technológie, ako napríklad tepelné čerpadlá, fotovoltika či veterné turbíny. 2) Projekt Zelená solidarita (28,4 mil. eur) je určená nízkopríjmovým domácnostiam, ktoré môžu získať až 90 % podporu na fotovoltiku, kolektory a biomasu. 3) Projekt Zelená podnikom (66,6 mil. eur) poskytuje podporu MSP na zariadenia na výrobu tepla, chladu či elektriny, ako aj na energetické audity s návrhmi úspor a využitia OZE. | F47: PSK | G47: 2025.CSR.2 2025.CSR.5
D52: Investícia 4: Posilňovanie kapacít a dátovej infraštruktúry pre regionálnu energetiku | E52: 1) Projekt Kapacity pre regióny (47,1 mil. eur) podporuje vytvorenie odborných tímov a siete regionálnych centier udržateľnej energetiky, ktoré budú na úrovni samosprávnych krajov koordinovať opatrenia na znižovanie energetickej náročnosti a zvyšovanie energetickej sebestačnosti. 2) Projekt Rozšírenie informačného systému energetickej efektívnosti (18,7 mil. eur) podporuje nástroje na zber, analýzu a využitie dát z rôznych sektorov na kvalifikované energetické a dekarbonizačné plánovanie v regiónoch. | F52: PSK | G52: 2025.CSR.2 2025.CSR.4 2025.CSR.5
E53: 2) Projekt Rozšírenie informačného systému energetickej efektívnosti (18,7 mil. eur) podporuje nástroje na zber, analýzu a využitie dát z rôznych sektorov na kvalifikované energetické a dekarbonizačné plánovanie v regiónoch.
D55: Investícia 5: Znižovanie energetickej náročnosti verejných budov | E55: Cieľom výziev SIEA je obnova verejných budov so zameraním na energetickú efektívnosť, vrátane možnosti integrácie OZE a zelených adaptačných opatrení. Opatrenie podporí zníženie energetickej náročnosti budov, zlepšenie ich environmentálnych parametrov a príspevok k plneniu klimatických cieľov. | F55: PSK | G55: 2025.CSR.1 2025.CSR.2 2025.CSR.5
D58: Investícia 6: Schéma štátnej pomoci na dekarbonizáciu priemyslu | E58: Zámerom schémy Modernizačného fondu je prispieť k zníženiu emisii skleníkových plynov cez podporu projektov, ktoré povedú k úsporám primárnej energie, zníženiu konečnej spotreby energie a zavedú používanie vyspelých environmentálnych technológií do priemyselnej výroby. | F58: - | G58: 2025.CSR.5
D60: Investícia 7: Podpora udržateľnej dopravy | E60: Z Programu Slovensko bola na podporu udržateľnej multimodálnej mestskej mobility vyčlenená alokácia 891 mil. eur. Na rozvoj železničnej verejnej osobnej dopravy bude smerovať 686 mil. eur. Ďalšie prostriedky z fondov EÚ sú vyčlenené na rozvoj vodnej, ako aj cestnej dopravy. | F60: PSK | G60: 2025.CSR.2 2025.CSR.5
D62: Reforma 19: Kurikulárna reforma v základnom vzdelávaní | E62: Nové kurikulum pre základné školy, štruktúrované do viacročných učebných cyklov na podporu flexibilného rozvoja škôl, sa začalo implementovať v septembri 2023. Všetky školy musia prejsť na nové kurikulum do septembra 2026, pričom do 4. štvrťroka 2025 bude zavedené v minimálne 30 % základných škôl, a to s podporou 40 regionálnych centier zabezpečujúcich mentoring, poradenstvo a konzultácie. | F62: POO SK-C[C7]-R[R1] | G62: 2025.CSR.2 2025.CSR.6
D64: Reforma 20: Posilnenie inklúzie a desegregácie vo vzdelávaní | E64: Navrhované zmeny legislatívy a investície majú zlepšiť inkluzívnosť a dostupnosť vzdelávania zrušením dvojzmennej prevádzky, posilnením podpory jazykových menšín a detí so špeciálnymi výchovno-vzdelávacími potrebami (ŠVVP) a detí zo znevýhodneného prostredia, umožnením nižšieho stredného odborného vzdelania pre žiakov s mentálnym postihnutím a zavedením varovného systému na prevenciu predčasného ukončenia školskej dochádzky. | F64: - | G64: 2025.CSR.6
D66: Reforma 21: Akčný plán informatizácie a digitálnej transformácie vzdelávania v SR na obdobie 2025 – 2027 | E66: Cieľom Akčného plánu je modernizácia slovenského školstva prostredníctvom systematickej digitalizácie vzdelávacieho prostredia. Plán nadväzuje na Program informatizácie školstva do roku 2030 a je súčasťou širšej Stratégie digitálnej transformácie Slovenska do roku 2030. Zameriava sa na zavedenie jednotných štandardov digitálneho vybavenia pre všetky úrovne škôl. Zároveň podporuje udržateľnú digitalizáciu škôl, rozvoj digitálnych zručností, zavádzanie asistenčných technológií a prístupnosť elektronických výstupov. | F66: PSK | G66: 2025.CSR.2 2025.CSR.4 2025.CSR.6
D69: Reforma 22: Podpora inovácií vo vzdelávaní | E69: Cieľom opatrenia je rozšíriť overené inovatívne vzdelávacie prístupy do škôl cez stabilný mechanizmus spolupráce so strategickými partnermi a financovanie na ich systematickú implementáciu. | F69: - | G69: 2025.CSR.6
D71: Reforma 23: Optimalizácia siete škôl a školských zariadení pre potreby 21. storočia | E71: Optimalizácia umožní zvýšiť efektívnosť, účelnosť a kvalitu vzdelávania v regionálnom školstve. Opatrenie zavedie transparentné kritériá pre zriaďovateľov škôl, pravidlá pre zaradenie a vyraďovanie škôl zo siete a posilní postavenie ŠŠI a podporu škôl a učiteľov. | F71: - | G71: 2025.CSR.1
D73: Reforma 24: Zefektívnenie procesov vysokých škôl | E73: V spolupráci s vysokými školami a ich reprezentáciami sa zlepšia neefektívne procesy, najmä vo vzťahoch so štátnymi orgánmi (výber členov správnej rady, schvaľovanie dlhodobých zámerov vysokých škôl a iné). | F73: - | G73: 2025.CSR.3 2025.CSR.6
D75: Reforma 25 Investícia 8: Podpora a optimalizácia špeciálnych výchovných zariadení (ŠVZ) | E75: Opatrenia smerujú k zlepšeniu podmienok ŠVZ cez zvýšenie financovania opráv, modernizáciu infraštruktúry, posilnenie odborného personálu a zavedenie štandardov. Súčasťou je aj revízia systému s dôrazom na inklúziu a desegregáciu. | F75: - | G75: 2025.CSR.6
D78: Reforma 26: Aktualizácia obsahu štátnych vzdelávacích programov (ŠVP) pre odborné vzdelávanie | E78: Nové ŠVP reagujú na zmeny v školskom zákone v súlade s princípmi inkluzívneho vzdelávania. Zároveň budú aktualizované vzdelávacie štandardy pre všetky odbory vzdelávania s cieľom ich lepšieho zosúladenia s trh potrebami trhu práce. | F78: - | G78: 2025.CSR.6
D81: Reforma 27: Zabezpečenie kapacít pre digitálnu transformáciu v základných školách | E81: Cieľom opatrenia je zabezpečiť udržateľnosť digitálnej transformácie základných škôl stabilizáciou pozície digitálneho koordinátora a legislatívnym ukotvením správcu školskej siete. Opatrenie prispeje k systematickému rozvoju digitálnych kompetencií, efektívnej správe digitálnej infraštruktúry a lepšiemu využívaniu technológií vo vzdelávacom procese. | F81: PSK | G81: 2025.CSR.2 2025.CSR.4 2025.CSR.6
D84: Investícia 9: Budovanie digitálnej infraštruktúry škôl | E84: Cieľom je vybudovať modernú digitálnu infraštruktúru na školách vrátane jej prevádzky a centrálneho riadenia, a to prostredníctvom inštalácie školských sietí prepojených na národný centrálny uzol pre správu a bezpečnosť celej siete. | F84: POO/PSK | G84: 2025.CSR.2 2025.CSR.4 2025.CSR.6
C87: Produktivita | D87: Reforma 28: Priemyselná politika Slovenskej republiky 2027-2035 | E87: Opatrenie reaguje na geopolitické zmeny a nové legislatívne iniciatívy ovplyvňujúce konkurencieschopnosť Slovenska. Zameria sa na analýzu priemyselného potenciálu, potrieb a výziev. Priemyselná stratégia nadviaže na správu Maria Draghiho a pripravovanú Európsku priemyselnú dohodu so zreteľom na národné hospodárstvo a geopolitickú odolnosť. | F87: - | G87: 2025.CSR.3 2025.CSR.5
D89: Reforma 29: Investičný Plán Slovensko 2050 | E89: Cieľom plánu je posilniť stabilitu investičného prostredia, zlepšiť prípravu na nové programové obdobie a zefektívniť využívanie invetičných zdrojov. Plán má zároveň poskytovať prehľadné a akutálne informácie o stave prípravy a realizácie prioritných investičných projektov pre dlhodobý rozvoj Slovenska zo všetkých dostupných zdrojov. | F89: - | G89: 2025.CSR.3
D91: Investícia 10: Podpora spolupráce medzi firmami, akademickým sektorom a výskumnými organizáciami | E91: Zámerom investície je podporiť zapojenie súkromného sektora do VV&I, posilniť jeho spoluprácu s akademickou obcou a zlepšiť prideľovanie verejných prostriedkov. Cieľom je do 2. štvrťroka 2026 dosiahnuť 3931 podporených projektov spolupráce medzi podnikmi, akademickou obcou a výskumnými organizáciami formou matching grantov, inovačných poukážok či vznikom transformačných a inovačných konzorcií. | F91: POO SK-C[C9]-I[I2] | G91: 2025.CSR.2 2025.CSR.4
D93: Investícia 11: Podpora inovácií, rozvoja a internacionalizácie podnikov | E93: Zámerom opatrenia je poskytnúť podnikom podporu na zvýšenie ich konkurencieschopnosti: 1) Podpora priemyselného výskumu, experimentálneho vývoja a inovácií formou dopytových výziev, inovačných poukážok a expertných služieb. 2) Podpora internacionalizácie a rozvoja MSP formou poukážok a expertných služieb. 3) Podpora investícií v podnikoch vo forme návratnej pomoci. | F93: PSK | G93: 2025.CSR.2 2025.CSR.4 Trh
C98: Trh práce, sociálne veci a bývanie | D98: Reformy 30: Koordinácia verejných politík v oblasti prevencie a ukončovania bezdomovstva | E98: Cieľom opatrenia je vytvorenie samostatného subjektu na koordináciu politík v oblasti bezdomovstva, ktorý zabezpečí spoluprácu medzi rezortami, samosprávami a mimovládnymi organizáciami. | F98: - | G98: 2025.CSR.1 2025.CSR.3 2025.CSR.6
D101: Reformy 31: Rozvoj zručností pre potreby trhu práce | E101: Prvý národný projekt (30 mil. eur) posilní úlohu Aliancie sektorových rád pri predikcii potrieb trhu a nedostatkových profesií. Druhý (42,2 mil. eur) podporí rozvoj zručností a rekvalifikáciu uchádzačov o zamestnanie, najmä mladých do 30 rokov v situácii NEET. | F101: PSK | G101: 2025.CSR.2 2025.CSR.6
D103: Investícia 12: Šanca na návrat 2 | E103: Zámerom projektu (18 mil. eur) je resocializácia a posilnenie kompetencií odsúdených s cieľom ich začlenenia do spoločnosti. Projekt nadväzuje na predošlú investíciu (Šanca na návrat 1) a odsúdeným ponúka komplexnú podporu (napr. informačno-poradenské služby a vzdelávanie) na zníženie rizika sociálneho vylúčenia a zlepšenie uplatnenia na trhu práce. | F103: PSK | G103: 2025.CSR.2 2025.CSR.6
D105: Investícia 13: Rozšírenie ponuky nájomného bývania | E105: Cieľom implementácie zákona o štátnej podpore nájomného bývania je zvýšiť dostupnosť cenovo prístupného bývania prostredníctvom súkromných investícií. Kľúčovú úlohu zohrá štátna agentúra zodpovedná za vydávanie a dohľad nad projektmi. | F105: - | G105: 2025.CSR.1
D107: Investícia 14: Podpora starostlivosti v rannom detstve | E107: Opatrenie (vyše 40 mil. eur) má zlepšiť dostupnosť a kvalitu starostlivosti o deti do troch rokov. Podporí sa budovanie infraštruktúry zariadení starostlivosti o deti do troch rokov (jaslí), posilňovanie personálnych kapacít v jasliach a rozvíjanie rodičovských zručností rodičov detí v ranom veku, najmä zo sociálne znevýhodneného prostredia. Realizovať sa bude formou dopytových výziev z Programu Slovensko. | F107: PSK | G107: 2025.CSR.2 2025.CSR.6
D109: Investícia 15: Podpora sociálneho začlenenia a bývania | E109: 1) Podpora prevencie pred stratou bývania a ukončovania bezdomovstva sa zameriava na dostupné a udržateľné bývanie pre zraniteľné skupiny prostredníctvom housing-led prístupov v kombinácii so sociálnou podporou. 2) Národný projekt Terénna sociálna práca a komunitné centrá (250 mil. eur) poskytuje individualizovanú pomoc osobám ohrozeným chudobou a sociálnym vylúčením. | F109: PSK | G109: 2025.CSR.1 2025.CSR.2 2025.CSR.6
D112: Investícia 16: Obnova domov pre energeticky chudobné domácnosti | E112: Cieľom opatrenia je obnoviť minimálne 4080 domov osôb ohrozených energetickou chudobou. Opatrenie prispeje k zníženiu energetickej náročnosti bývania a k zlepšeniu životných podmienok dotknutých skupín obyvateľstva. | F112: POO | G112: 2025.CSR.1 2025.CSR.2 2025.CSR.5
F113: SK-C[C19]-I[I4]
C115: Kvalita inštitúcií | D115: Reforma 32: Zavedenie registra užívacích vzťahov k poľnohospodárs-kym pozemkom | E115: Register užívacích vzťahov k pozemkom je dočasným riešením rozdrobenosti a nesúladu pozemkového vlastníctva v SR, ktorý má zvýšiť transparentnosť užívania pôdy a zjednodušiť zdieľanie údajov medzi štátnymi inštitúciami prostredníctvom evidencie jej skutočných užívateľov. | F115: - | G115: 2025.CSR.3
D118: Reforma 33: Nový obchodný register | E118: Legislatívna zmena zohľadní požiadavky nového informačného systému obchodného registra zavedeného z investícií v POO a zlepší automatizovanú výmenu informácií medzi registrami a databázami na úrovni SR aj EÚ. | F118: - | G118: 2025.CSR.3 2025.CSR.4
D120: Reforma 34: Rekodifikácia práva obchodných spoločností | E120: Cieľom rekodifikácie je zjednodušiť zapojenie spoločníkov do riadenia spoločnosti vrátane digitalizácie rozhodovania, posilniť ochranu dotknutých subjektov a zvýšiť transparentnosť pri identifikácii konečných užívateľov výhod. | F120: - | G120: 2025.CSR.3
D122: Reforma 35: Zabezpečenie priameho prístupu Policajného zboru do špecifických evidencií štátnych orgánov | E122: Na zefektívnenie vyšetrovania prípadov legalizácie výnosov z trestnej činnosti sa v súlade so smernicou EÚ zavedie online prístup Policajného zboru do vybraných štátnych databáz. Tento krok umožní rýchlejšie získavanie relevantných informácií, zlepší koordináciu medzi orgánmi činnými v trestnom konaní a prispeje k zvýšeniu účinnosti odhaľovania a vyšetrovania finančnej kriminality. | F122: - | G122: 2025.CSR.3 2025.CSR.4
D124: Reforma 36 Investícia 17: Modernizácia informačných systémov na zefektívnenie medzinárodnej policajnej spolupráce | E124: Na posilnenie boja proti medzinárodnej trestnej činnosti sa transponuje príslušná smernica EÚ a modernizujú sa informačné systémy policajnej spolupráce a pátrania, vrátane prepojenia na databázu INTERPOL-u. | F124: - | G124: 2025.CSR.3 2025.CSR.4 Zdravotníctvo
C128: Zdravotníctvo | D128: Reforma 37: Rozpočtová rada pre zdravotníctvo | E128: Zriadi sa rada, ktorá bude koordinovať prípravu rozpočtu a jeho priebežné monitorovanie, s cieľom flexibilne určovať potrebné financie pre zdravotníctvo. Rada prispeje k efektívnejšiemu plánovaniu zdrojov a k lepšiemu prepojeniu finančných rozhodnutí s aktuálnymi potrebami systému zdravotnej starostlivosti. | F128: - | G128: 2025.CSR.1 2025.CSR.6
D130: Reforma 38: Katalóg výkonov pre špecializovanú zdravotnú starostlivosť (ŠAS) | E130: Cieľom opatrenia je aktualizovať katalóg výkonov pre ŠAS so zameraním na špecializácie s nedostatočným financovaním a doplniť ho o výkony podľa ich náročnosti. Opatrenie má prispieť k spravodlivejšiemu odmeňovaniu poskytovateľov zdravotnej starostlivosti a k zlepšeniu dostupnosti špecializovaných služieb pre pacientov. | F130: - | G130: 2025.CSR.1 2025.CSR.6
C132: Obrana | D132: Investícia 18: Posilnenie obranných kapacít | E132: Dlhodobý plán rozvoja obrany do roku 2035 sa zameriava na modernizáciu vojenského vybavenia SR, vrátane bojových a nákladných vozidiel či protivzdušnej obrany, s cieľom vybudovať ťažkú mechanizovanú brigádu a posilniť spôsobilosti v rámci Organizácie Severoatlantickej zmluvy (NATO). | F132: - | G132: 2025.CSR.1

Sheet T 6
C3: TABUĽKA 6 – Hodnotenie decembrovej prognózy MF SR vo Výbore pre makroekonomické prognózy
C4: Člen výboru | D4: Charakteristika prognózy
C5: RRZ, NBS, SAV, Infostat, , VÚB, Unicredit, SLSP, Tatrabanka | D5: realistická
C6: ČSOB | D6: optimistická
D7: Zdroj: Výbor pre makroekonomické prognózy
C10: TABLE 6 – Assessment of the September MoF forecast by the Macroeconomic Forecast Committee
C11: MFC member | D11: Assessment
C12: RRZ, NBS, SAV, Infostat, , VÚB, Unicredit, SLSP, Tatrabanka | D12: realistic
C13: ČSOB | D13: optimistic
D14: Source: Macroeconomic forecast committee

Sheet T 7
C3: TABUĽKA 7 – Priemerná prognóza členov Výboru* (okrem MF SR) a prognóza MF SR
D4: 2025 | E4: 2026 | G4: 2027 | I4: 2028 | K4: 2029
C5: v %, ak nie je uvedené inak | E5: Výbor | F5: MFSR | G5: Výbor | H5: MFSR | I5: Výbor | J5: MFSR | K5: Výbor | L5: MFSR
C6: Hrubý domáci produkt; reálny rast | D6: 0.8 | E6: 0.8 | F6: 0.84869325 | G6: 1.5 | H6: 1.8 | I6: 1.9 | J6: 1.6 | K6: 2.1 | L6: 2.1
C7: Hrubý domáci produkt v bežných cenách; mld. eur | D7: 136.8 | E7: 143.8 | F7: 143.9 | G7: 150.2 | H7: 150.7 | I7: 156.9 | J7: 157.2 | K7: 163.9 | L7: 163.9
C8: Konečná spotreba domácností; reálny rast | D8: 0.2 | E8: 0.5 | F8: 0.5 | G8: 1.3 | H8: 1.4 | I8: 1.1 | J8: 0.5 | K8: 1.3 | L8: 1
C9: Konečná spotreba domácností; nominálny rast | D9: 4.4 | E9: 4.3 | F9: 4.3 | G9: 4.5 | H9: 4.3 | I9: 4.2 | J9: 4.2 | K9: 3.9 | L9: 3.9
C10: Priemerná mesačná mzda; reálny rast | D10: 2.2 | E10: 1.1 | F10: 0.8 | G10: 1.8 | H10: 1.4 | I10: 1.1 | J10: 0 | K10: 2 | L10: 2
C11: Priemerná mesačná mzda; nominálny rast | D11: 6.3 | E11: 4.6 | F11: 4.5 | G11: 4.6 | H11: 4.4 | I11: 4.3 | J11: 4.4 | K11: 4.3 | L11: 4.3
C12: Rast zamestnanosti (štat. výkazníctvo) | D12: -0.2 | E12: -0.1 | F12: -0.1 | G12: 0 | H12: 0.1 | I12: -0.2 | J12: -0.2 | K12: -0.1 | L12: -0.1
C13: Index spotrebiteľských cien; priemerný rast; CPI | D13: 4 | E13: 3.6 | F13: 3.7 | G13: 2.9 | H13: 2.9 | I13: 3.2 | J13: 4.4 | K13: 2.5 | L13: 2.3
C14: * Výbor pre makroekonomické prognózy | L14: Zdroj: Výbor pre makroekonomické prognózy
C17: TABLE 7 – Average forecast of MFC* members and forecast of MoF SR
D18: =D4 -> 2025 | E18: =E4 -> 2026 | G18: =G4 -> 2027 | I18: =I4 -> 2028 | K18: =K4 -> 2029
C19: % unless otherwise stated | E19: MFC | F19: Mof SR | G19: MFC | H19: Mof SR | I19: MFC | J19: Mof SR | K19: MFC | L19: Mof SR
C20: GDP, real growth | D20: =D6 -> 0.8 | E20: =E6 -> 0.8 | F20: =F6 -> 0.84869325 | G20: =G6 -> 1.5 | H20: =H6 -> 1.8 | I20: =I6 -> 1.9 | J20: =J6 -> 1.6 | K20: =K6 -> 2.1 | L20: =L6 -> 2.1
C21: GDP, current prices | D21: =D7 -> 136.8 | E21: =E7 -> 143.8 | F21: =F7 -> 143.9 | G21: =G7 -> 150.2 | H21: =H7 -> 150.7 | I21: =I7 -> 156.9 | J21: =J7 -> 157.2 | K21: =K7 -> 163.9 | L21: =L7 -> 163.9
C22: Final consumption of households, real growth | D22: =D8 -> 0.2 | E22: =E8 -> 0.5 | F22: =F8 -> 0.5 | G22: =G8 -> 1.3 | H22: =H8 -> 1.4 | I22: =I8 -> 1.1 | J22: =J8 -> 0.5 | K22: =K8 -> 1.3 | L22: =L8 -> 1
C23: Final consumption of households, nominal growth | D23: =D9 -> 4.4 | E23: =E9 -> 4.3 | F23: =F9 -> 4.3 | G23: =G9 -> 4.5 | H23: =H9 -> 4.3 | I23: =I9 -> 4.2 | J23: =J9 -> 4.2 | K23: =K9 -> 3.9 | L23: =L9 -> 3.9
C24: Average monthly wage, real growth | D24: =D10 -> 2.2 | E24: =E10 -> 1.1 | F24: =F10 -> 0.8 | G24: =G10 -> 1.8 | H24: =H10 -> 1.4 | I24: =I10 -> 1.1 | J24: =J10 -> 0 | K24: =K10 -> 2 | L24: =L10 -> 2
C25: Average monthly wage, nominal growth | D25: =D11 -> 6.3 | E25: =E11 -> 4.6 | F25: =F11 -> 4.5 | G25: =G11 -> 4.6 | H25: =H11 -> 4.4 | I25: =I11 -> 4.3 | J25: =J11 -> 4.4 | K25: =K11 -> 4.3 | L25: =L11 -> 4.3
C26: Employment growth | D26: =D12 -> -0.2 | E26: =E12 -> -0.1 | F26: =F12 -> -0.1 | G26: =G12 -> 0 | H26: =H12 -> 0.1 | I26: =I12 -> -0.2 | J26: =J12 -> -0.2 | K26: =K12 -> -0.1 | L26: =L12 -> -0.1
C27: CPI (average growth) | D27: =D13 -> 4 | E27: =E13 -> 3.6 | F27: =F13 -> 3.7 | G27: =G13 -> 2.9 | H27: =H13 -> 2.9 | I27: =I13 -> 3.2 | J27: =J13 -> 4.4 | K27: =K13 -> 2.5 | L27: =L13 -> 2.3
C28: * Macroeconomic forecast committee | L28: Source: Macroeconomic forecast committee

Sheet G 18
C3: GRAF 18 – Porovnanie prognóz makroekonomických základní* pre rozpočtové príjmy s členmi výboru | D3: FIGURE 18 – Comparison of forecasts of macroeconomic bases* for tax revenues with MFC members
C4: Vstupné dáta | D4: Input data | F4: 2023 | G4: 2024 | H4: 2025 | I4: 2026 | J4: 2027 | K4: 2028 | L4: 2029
C5: spodná hranica | D5: lower bound | F5: 8.289975 | G5: 5.9629626 | H5: 5.0884608 | I5: 3.944337 | J5: 4.0172332 | K5: 3.0791056 | L5: 3.4159889
C6: 25. percentil | D6: 25th percentile | F6: 0 | G6: 0 | H6: 0 | I6: 0.11217448 | J6: 0.074168149 | K6: 0.61235779 | L6: 0.25053302
C7: 50. percentil | D7: 50th percentile | F7: 0 | G7: 0 | H7: 0 | I7: 0.15316202 | J7: 0.33401133 | K7: 0.25304592 | L7: 0.15141328
C8: 75. percentil | D8: 75th percentile | F8: 0 | G8: 0 | H8: 0 | I8: 0.18438461 | J8: 0.37457445 | K8: 0.42673317 | L8: 0.33962346
C9: horná hranica | D9: upper bound | F9: 0 | G9: 0 | H9: 0 | I9: 0.31531381 | J9: 0.19135586 | K9: 0.70927228 | L9: 0.1741713
C10: prognóza MF SR | D10: MoF forecast | F10: 8.289975 | G10: 5.9629626 | H10: 5.0884608 | I10: 4.1006347 | J10: 4.1586218 | K10: 3.92219 | L10: 3.6960629
C11: medián Výboru | D11: MFC median | F11: 8.289975 | G11: 5.9629626 | H11: 5.0884608 | I11: 4.2096735 | J11: 4.4254127 | K11: 3.9445093 | L11: 3.8179352
C12: * Makroekonomické základne pre rozpočtové príjmy (váha ukazovateľov závisí od podielu jednotlivých daní na celkových daňových a odvodových príjmoch); Mzdová báza (zamestnanosť + nominálna mzda) – 51,1 %, Nominálna súkromná spotreba – 25,7 %, Reálna súkromná spotreba – 6,6 %, Nominálny rast HDP – 9,9 %, Reálny rast HDP – 6,7 %. | D12: * Macroeconomic bases for budget revenues (the weight of indicators depends on the share of individual taxes in total tax and social security revenues); Wage base (employment + nominal wage) – 51.1%, Nominal private consumption – 25.7%, Real private consumption – 6.6%, Nominal GDP growth – 9.9%, Real GDP growth – 6.7%. | L12: Zdroj: MF SR
L13: Source: MoF SR

Sheet T 8
C3: TABUĽKA 8 – Hodnotenie prognózy MF SR vo Výbore pre daňové prognózy
C4: Člen výboru | D4: Charakteristika prognózy
C5: NBS, KRRZ, Infostat, Tatra banka, ČSOB, SLSP, UniCredit Bank, VÚB | D5: realistická
D6: Zdroj: Výbor pre daňové prognózy
C9: TABLE 8 – Assessment of the MoF forecast by the Tax Forecast Committee
C10: TFC member | D10: Assessment
C11: NBS, Infostat, Tatra banka, ČSOB, KRRZ, SLSP, UniCredit Bank, VÚB | D11: realistic
D12: Source: Tax Forecast Committee

Sheet T 9
C3: TABUĽKA 9 – Rast čistých výdavkov verejnej správy (mld. eur, ESA2010)
D4: 2023 | E4: 2024 | F4: 2025 | G4: 2026 | H4: 2027 | I4: 2028
C5: 1. Celkové výdavky verejnej správy | D5: 59.7585 | E5: 61.751895 | F5: 65.567459 | G5: 69.560023 | H5: 70.786256 | I5: 72.529888
C6: 2. Úrokové náklady | D6: 1.428032 | E6: 1.850045 | F6: 2.118558 | G6: 2.382038 | H6: 2.723013 | I6: 3.190788
C7: 3. Výdavky financované zo zdrojov z EÚ | D7: 3.649927 | E7: 2.095948 | F7: 3.162614 | G7: 4.454102 | H7: 2.576884 | I7: 2.772534
C8: 4. Cyklické výdavky na dávky v nezamestnanosti | D8: -0.038312357 | E8: -0.05917314 | F8: -0.037844193 | G8: 0.038227202 | H8: 0.040288002 | I8: 0.046454647
C9: 5. Jednorazové výdavky | D9: 0 | E9: 0 | F9: 0 | G9: 0 | H9: 0 | I9: 0
C10: 6. Výdavky na spolufinancovanie | D10: 0.56458 | E10: 0.462075 | F10: 0.500391 | G10: 0.705632 | H10: 0.472866 | I10: 0.678876
C11: 7. Národne financované primárne výdavky = 1-2-3-4-5-6 | D11: =D5-D6-D7-D8-D9-D10 -> 54.154273 | E11: =E5-E6-E7-E8-E9-E10 -> 57.403 | F11: =F5-F6-F7-F8-F9-F10 -> 59.82374 | G11: =G5-G6-G7-G8-G9-G10 -> 61.980024 | H11: =H5-H6-H7-H8-H9-H10 -> 64.973205 | I11: =I5-I6-I7-I8-I9-I10 -> 65.841235
C12: 8. Diskrečné príjmové opatrenia | E12: 1.4072861 | F12: 1.5308615 | G12: 0.69272798 | H12: 0.089094215 | I12: -0.34475956
C13: 9. Rast čistých výdavkov = (7t-8t)/7t-1-1 | E13: =(E11-E12)/D11-1 -> 0.034003608 | F13: =(F11-F12)/E11-1 -> 0.0155023 | G13: =(G11-G12)/F11-1 -> 0.024464462 | H13: =(H11-H12)/G11-1 -> 0.046855209 | I13: =(I11-I12)/H11-1 -> 0.018665994
C14: 10. Kumulatívny rast čistých výdavkov | E14: =(1+D14)*(1+E13)-1 -> 0.034003608 | F14: =(1+E14)*(1+F13)-1 -> 0.050033042 | G14: =(1+F14)*(1+G13)-1 -> 0.075721535 | H14: =(1+G14)*(1+H13)-1 -> 0.12612469 | I14: =(1+H14)*(1+I13)-1 -> 0.14714493
C15: Pozn.: Kvantifikácia je založená na údajoch z jarnej notifikácie Eurostatu a aktualizovaná o vstupy z výborov pre makroekonomické a daňové prognózy MF SR zo septembra 2026. Pozn. 2: Rok 2028 je vypočítaný na základe cieleného deficitu stanoveného v rozpočte. | I15: Zdroj: MF SR
C18: TABLE 9 – Growth of net expenditure of general government (EUR billion, ESA2010)
D19: 2023 | E19: 2024 | F19: 2025 | G19: 2026 | H19: 2027 | I19: 2028
C20: 1. Total expenditure | D20: =D5 -> 59.7585 | E20: =E5 -> 61.751895 | F20: =F5 -> 65.567459 | G20: =G5 -> 69.560023 | H20: =H5 -> 70.786256 | I20: =I5 -> 72.529888
C21: 2. Interest expenditure | D21: =D6 -> 1.428032 | E21: =E6 -> 1.850045 | F21: =F6 -> 2.118558 | G21: =G6 -> 2.382038 | H21: =H6 -> 2.723013 | I21: =I6 -> 3.190788
C22: 3. Expenditure funded by transfers from the EU | D22: =D7 -> 3.649927 | E22: =E7 -> 2.095948 | F22: =F7 -> 3.162614 | G22: =G7 -> 4.454102 | H22: =H7 -> 2.576884 | I22: =I7 -> 2.772534
C23: 4. Cyclical component of unemployment benefits | D23: =D8 -> -0.038312357 | E23: =E8 -> -0.05917314 | F23: =F8 -> -0.037844193 | G23: =G8 -> 0.038227202 | H23: =H8 -> 0.040288002 | I23: =I8 -> 0.046454647
C24: 5. One-off expenditure | D24: =D9 -> 0 | E24: =E9 -> 0 | F24: =F9 -> 0 | G24: =G9 -> 0 | H24: =H9 -> 0 | I24: =I9 -> 0
C25: 6. National co-financing of programmes funded by the EU | D25: =D10 -> 0.56458 | E25: =E10 -> 0.462075 | F25: =F10 -> 0.500391 | G25: =G10 -> 0.705632 | H25: =H10 -> 0.472866 | I25: =I10 -> 0.678876
C26: 7. Nationally financed primary expenditure = 1-2-3-4-5-6 | D26: =D11 -> 54.154273 | E26: =E11 -> 57.403 | F26: =F11 -> 59.82374 | G26: =G11 -> 61.980024 | H26: =H11 -> 64.973205 | I26: =I11 -> 65.841235
C27: 8. Discretionary revenue measures | E27: =E12 -> 1.4072861 | F27: =F12 -> 1.5308615 | G27: =G12 -> 0.69272798 | H27: =H12 -> 0.089094215 | I27: =I12 -> -0.34475956
C28: 9. Growth of net expenditure = (7t-8t)/7t-1-1 | E28: =E13 -> 0.034003608 | F28: =F13 -> 0.0155023 | G28: =G13 -> 0.024464462 | H28: =H13 -> 0.046855209 | I28: =I13 -> 0.018665994
C29: 10. Cumulative growth of net expenditure | E29: =E14 -> 0.034003608 | F29: =F14 -> 0.050033042 | G29: =G14 -> 0.075721535 | H29: =H14 -> 0.12612469 | I29: =I14 -> 0.14714493
C30: Note: The quantification is based on data from the spring Eurostat notification and updated with inputs from the Ministry of Finance of the Slovak Republic’s macroeconomic and tax forecast committees from September 2026. Note 2: The figure for 2028 is calculated based on the deficit target set in the budget. | I30: Source: MoF SR

Sheet T 10
C3: TABUĽKA 10 – Hotovostné vplyvy na zmenu nominálneho hrubého dlhu podľa cielených deficitov (v mil. eur)
D4: 2023 | E4: 2024 | F4: 2025 | G4: 2026 OS | H4: 2027 N | I4: 2028 N | J4: 2029 N
C5: A. Hrubý dlh verejnej správy (k 1.1.) | D5: 63509 | E5: 68882 | F5: 77735 | G5: 83957 | H5: 91277 | I5: 99841 | J5: 107426
C6: B. Celková medziročná zmena hrubého dlhu VS | D6: 5374 | E6: 8853 | F6: 6222 | G6: 7320 | H6: 8564 | I6: 7584 | J6: 6679
C7: - hotovostný deficit ŠR | D7: 7675 | E7: 6366 | F7: 6108 | G7: 5918 | H7: 7446 | I7: 7544 | J7: 7797
C8: - prostriedky ŠP využité na financovanie hotovostného deficitu ŠR | D8: -2587 | E8: 1571 | F8: -257 | G8: 1071 | H8: 731 | I8: -578 | J8: -1681
C9: - zadlženie ostatných subjektov VS | D9: 175 | E9: -32 | F9: 155 | G9: 92 | H9: 58 | I9: 34 | J9: 61
C10: z toho: ŽSR + ŽSSK | D10: -9 | E10: -43 | F10: -15 | G10: 63 | H10: 52 | I10: 28 | J10: 24
C11: z toho: Dopravné podniky obcí | D11: -1 | E11: 57 | F11: -96 | G11: 60 | H11: 50 | I11: 50 | J11: 50
C12: z toho: Samospráva (obce a VÚC) | D12: -10 | E12: -7 | F12: 30 | G12: 49 | H12: 36 | I12: 33 | J12: 18
C13: z toho: Eximbanka | D13: 222 | E13: -33 | F13: 127 | G13: -44 | H13: -45 | I13: -45 | J13: -1
C14: - emisný diskont | D14: 454 | E14: 806 | F14: 434 | G14: 277 | H14: 511 | I14: 597 | J14: 509
C15: - diskont pri splatnosti | D15: 0 | E15: 0 | F15: 0 | G15: -41 | H15: -183 | I15: -13 | J15: -5
C16: - ostatné* | D16: -5 | E16: -2 | F16: 0 | G16: 0 | H16: 0 | I16: 0 | J16: 0
... C19: p.m. príspevok SR do ESM | D19: -1 | E19: 0 | F19: 0 | G19: 0 | H19: 0 | I19: 0 | J19: 0
C20: Pozn.: * vrátane zmeny zdrojov subjektov mimo sektora verejnej správy. Plusové položky zvyšujú dlh verejnej správy k 31.12. príslušného roku, mínusové položky dlh znižujú. | J20: Zdroj: MF SR
C21: OS – očakávaná skutočnosť ku koncu roka; N – návrh rozpočtu verejnej správy
C24: TABLE 10 – Cash-based factors affecting the change in nominal gross debt under the targeted deficit scenario (EUR million)
D25: =D4 -> 2023 | E25: =E4 -> 2024 | F25: =F4 -> 2025 | G25: =G4 -> 2026 OS | H25: =H4 -> 2027 N | I25: =I4 -> 2028 N | J25: =J4 -> 2029 N
C26: A. General government gross debt (as of 1 Jan) | D26: =D5 -> 63509 | E26: =E5 -> 68882 | F26: =F5 -> 77735 | G26: =G5 -> 83957 | H26: =H5 -> 91277 | I26: =I5 -> 99841 | J26: =J5 -> 107426
C27: B. Total y/y change in the GG gross debt | D27: =D6 -> 5374 | E27: =E6 -> 8853 | F27: =F6 -> 6222 | G27: =G6 -> 7320 | H27: =H6 -> 8564 | I27: =I6 -> 7584 | J27: =J6 -> 6679
C28: - Cash-based state budget deficit | D28: =D7 -> 7675 | E28: =E7 -> 6366 | F28: =F7 -> 6108 | G28: =G7 -> 5918 | H28: =H7 -> 7446 | I28: =I7 -> 7544 | J28: =J7 -> 7797
C29: - State Treasury funds used for the financing of government operations | D29: =D8 -> -2587 | E29: =E8 -> 1571 | F29: =F8 -> -257 | G29: =G8 -> 1071 | H29: =H8 -> 731 | I29: =I8 -> -578 | J29: =J8 -> -1681
C30: - Balance of loans to GG entities | D30: =D9 -> 175 | E30: =E9 -> -32 | F30: =F9 -> 155 | G30: =G9 -> 92 | H30: =H9 -> 58 | I30: =I9 -> 34 | J30: =J9 -> 61
C31: thereof: ŽSR + ŽSSK | D31: =D10 -> -9 | E31: =E10 -> -43 | F31: =F10 -> -15 | G31: =G10 -> 63 | H31: =H10 -> 52 | I31: =I10 -> 28 | J31: =J10 -> 24
C32: thereof: NDS | D32: =D11 -> -1 | E32: =E11 -> 57 | F32: =F11 -> -96 | G32: =G11 -> 60 | H32: =H11 -> 50 | I32: =I11 -> 50 | J32: =J11 -> 50
C33: thereof: Municipal public transportation companies | D33: =D12 -> -10 | E33: =E12 -> -7 | F33: =F12 -> 30 | G33: =G12 -> 49 | H33: =H12 -> 36 | I33: =I12 -> 33 | J33: =J12 -> 18
C34: thereof: Eximbanka | D34: =D13 -> 222 | E34: =E13 -> -33 | F34: =F13 -> 127 | G34: =G13 -> -44 | H34: =H13 -> -45 | I34: =I13 -> -45 | J34: =J13 -> -1
C35: - Issue discount | D35: =D14 -> 454 | E35: =E14 -> 806 | F35: =F14 -> 434 | G35: =G14 -> 277 | H35: =H14 -> 511 | I35: =I14 -> 597 | J35: =J14 -> 509
C36: - Discount at maturity | D36: =D15 -> 0 | E36: =E15 -> 0 | F36: =F15 -> 0 | G36: =G15 -> -41 | H36: =H15 -> -183 | I36: =I15 -> -13 | J36: =J15 -> -5
C37: .- other* | D37: =D16 -> -5 | E37: =E16 -> -2 | F37: =F16 -> 0 | G37: =G16 -> 0 | H37: =H16 -> 0 | I37: =I16 -> 0 | J37: =J16 -> 0
... C40: p.m. ESM contribution | D40: =D19 -> -1 | E40: =E19 -> 0 | F40: =F19 -> 0 | G40: =G19 -> 0 | H40: =H19 -> 0 | I40: =I19 -> 0 | J40: =J19 -> 0
C41: Note: * including changes in the resources of entities outside the general government sector. Positive items increase general government debt as of 31 Dec. of the respective year, while negative items reduce debt. | J41: Source: MoF SR
C42: OS – expected values by the end of year; N – draf of general government budget.

Sheet T 11 & T 12 (DRM & DEM)
C3: TABUĽKA 11 – Príjmové diskrečné opatrenia – medziročné vplyvy opatrení (mil. eur, ESA2010) | D3: TABLE 11 – Discretionary revenue measure - incremental impact (in EUR millions, ESA2010)
C4: Popis | D4: Measure | E4: 2025 | F4: 2026 | G4: 2027 | H4: 2028 | I4: 2029
C5: Valorizácia správnych a súdnych poplatkov - od 1Q 2024 | D5: Valorisation of administrative and court fees – from Q1 2024 | E5: 7.14 | F5: 0 | G5: 0 | H5: 0 | I5: 0
C6: Odvody z nadmerného zisku a solidárne príspevky (VHV, elektrárne, ropa) | D6: Excess-profit levies and solidarity contributions (Vodohospodárska výstavba, power plants, oil sector) | E6: -89.654274 | F6: -20.274595 | G6: -19.8 | H6: 0 | I6: 0
C7: Úpravy odvodu a reformy II. piliera | D7: Adjustments to contribution rates and reform of the second pension pillar | E7: -54.735562 | F7: 0 | G7: 0 | H7: 0 | I7: 0
C8: Zvýšenie sadzby zdravotného poistného zamestnávateľa o 1 p. b. | D8: Increase in the employer health-insurance contribution rate by 1 percentage point | E8: 0 | F8: 0 | G8: 0 | H8: -347.98286 | I8: 0
C9: Zavedenie spotrebnej dane zo sladených nápojov | D9: Introduction of an excise duty on sweetened beverages | E9: 111.08827 | F9: 0 | G9: 0 | H9: 0 | I9: 0
C10: Zvýšenie dane z príjmov právnických osôb na 24 % | D10: Increase in the corporate income tax rate to 24% | E10: 408.863 | F10: 0 | G10: 0 | H10: 0 | I10: 0
C11: Úprava cien diaľničných známok, mýta (Eurovignette) a daní z vozidiel | D11: Adjustment of motorway vignette prices, toll charges (Eurovignette) and vehicle taxes | E11: 55.660997 | F11: 48.172612 | G11: 0 | H11: 0 | I11: 0
C12: Zvýšenie stropov pre platenie sociálnych odvodov | D12: Increase in the ceilings for social-security contributions | E12: 79.495673 | F12: 0 | G12: 0 | H12: 0 | I12: 0
C13: Polovičný odpočet DPH na podnikové autá pri súkromnom užívaní | D13: 50% VAT deduction for company cars used partly for private purposes | E13: 0 | F13: 221.03494 | G13: 0 | H13: 0 | I13: 0
C14: Daňová amnestia | D14: Tax amnesty | E14: 0 | F14: 15.087 | G14: -15.087 | H14: 0 | I14: 0
C15: Vyššie zdanenie hazardu vrátane vkladov na hráčske účty | D15: Higher gambling taxation, including levies on deposits to player accounts | E15: 0 | F15: 47.52078 | G15: 0 | H15: 0 | I15: 0
... C35: Ostatné drobné opatrenia na P.11 | D35: Other minor measures under P.11 | E35: 0 | F35: 14.3 | G35: -4.3 | H35: 0 | I35: 0
C36: Spolu | D36: Total | E36: =SUM(E5:E35) -> 1530.8615 | F36: =SUM(F5:F35) -> 707.81498 | G36: =SUM(G5:G35) -> 74.007215 | H36: =SUM(H5:H35) -> -344.75956 | I36: =SUM(I5:I35) -> 3.4827436
C37: Pozn.: (+) zlepšuje bilanciu VS, (-) zhoršuje bilanciu VS | D37: Note: (+) improves the GG balance, (-) worsens the GG balance. | I37: Zdroj: MF SR
I38: Source: MoF SR
C42: TABUĽKA 12 – Výdavkové diskrečné opatrenia – medziročné vplyvy opatrení (mil. eur, ESA2010) | D42: TABLE 12 – Discretionary expenditure measure - incremental impact (in EUR millions, ESA2010)
C43: Popis | D43: Measure | E43: 2025 | F43: 2026 | G43: 2027 | H43: 2028 | I43: 2029
C44: Výdavky spojené s vojnou na Ukrajine (očistené o EÚ fondy) | D44: Expenditure related to the war in Ukraine (net of EU funds) | E44: -18.36302 | F44: 0 | G44: 0 | H44: -15 | I44: 0
C45: Úrad pre územné plánovanie a výstavbu SR (zriadenie nového úradu) | D45: Office for Spatial Planning and Construction of the Slovak Republic (establishment of a new authority) | E45: 26.193048 | F45: 0 | G45: 0 | H45: 0 | I45: 0
C46: Odchod do dôchodku po 40 odpracovaných rokoch (aj inflačný vplyv) | D46: Retirement after 40 years of work (including the inflation effect) | E46: -38.103201 | F46: -68.882885 | G46: -74.275056 | H46: -46.520414 | I46: -24.853135
C47: Doplatky existujúcim predčasným dôchodcom | D47: Top-up payments for existing early retirees | E47: 7.2265129 | F47: -23.771679 | G47: 0 | H47: 0 | I47: 0
C48: Zrušenie krátenia príspevku na opatrovanie poberateľom dôchodkov | D48: Abolition of the reduction of the care allowance for pension recipients | E48: 24.186397 | F48: 0 | G48: 0 | H48: 0 | I48: 0
C49: Kompenzácia rastúcich cien energií spolu (očistené o EÚ fondy) | D49: Total compensation for rising energy prices (net of EU funds) | E49: -617.853 | F49: -125.517 | G49: -133.7 | H49: -250 | I49: 0
C50: Kolektívne vyjednávanie zdravotníckych pracovníkov | D50: Collective bargaining of healthcare workers | E50: 0 | F50: -39.16 | G50: 0 | H50: 0 | I50: 0
C51: Novela školského zákona | D51: Amendment to the Education Act | E51: 130.96351 | F51: 49.712327 | G51: 0 | H51: 0 | I51: 0
C52: Podpora priemyselných parkov (Valaliky, Šurany) | D52: Support for industrial parks (Valaliky, Šurany) | E52: 82.644578 | F52: -42.693967 | G52: -188.03006 | H52: -2.92154 | I52: -0.007172
C53: Rodičovský príspevok (na deti od 3 rokov neprijaté do škôlky) | D53: Parental allowance for children aged 3 and over not admitted to kindergarten | E53: 26.22 | F53: 0 | G53: 0 | H53: 0 | I53: 0
C54: Zmena posudzovania invalidných dôchodkov | D54: Change in the assessment of disability pensions | E54: 25 | F54: 0 | G54: 0 | H54: 0 | I54: 0
... C88: Ostatné drobné opatrenia na D.7 | D88: Other minor measures under D.7 | E88: -14.989 | F88: -18.54824 | G88: 0 | H88: 0 | I88: 0
C89: Spolu | D89: Total | E89: =SUM(E44:E88) -> 173.81292 | F89: =SUM(F44:F88) -> -1491.4692 | G89: =SUM(G44:G88) -> 398.20424 | H89: =SUM(H44:H88) -> 309.2059 | I89: =SUM(I44:I88) -> 521.07903
C90: Pozn.: (-) zlepšuje bilanciu VS, (+) zhoršuje bilanciu VS. | D90: Note: (+) improves the GG balance, (-) worsens the GG balance. | I90: Zdroj: MF SR
I91: Source: MoF SR

Sheet mzda
